 Dungeon Crawl Stone Soup version 0.31-a0-845-g9abc20d24f (webtiles) character file.

Game seed: 8480922310492589767

1538989 Moonkey the Infernalist (level 27, 0/175 (199) HPs)
             Began as a Deep Elf Conjurer on Aug 18, 2023.
             Was the Champion of Vehumet.
             Succumbed to a tainted leviathan's dark miasma
             ... on level 16 of a ziggurat on Oct 1, 2023.
             The game lasted 22:02:38 (172742 turns).

Moonkey the Infernalist (Deep Elf Conjurer)       Turns: 172742, Time: 22:02:39

HP:   0/175 (199)   AC: 38    Str: 21 (23) XL:     27
MP:   56/56         EV: 26    Int: 45      God:    Vehumet [******]
Gold: 18935         SH: 33    Dex: 17 (18) Spells: 2/80 levels left

rFire   + + +        J - staff of the Living Dead {rF+ Will+ Fire}
rCold   x . .        R - +8 tower shield {AC+3}
rNeg    + + .        K - +0 fire dragon scales of Courage {rF++ rC- rN+ Str+7 Int-3}
rPois   .            a - +1 helmet "Myelaq" {rCorr}
rElec   +            q - +2 cloak "Uxapymn" {rN+ Str+2}
rCorr   +            U - +2 pair of gloves {Dex+3}
SInv    +            B - +0 pair of boots "Onyogess" {Str+3 Int+4}
Will    +++..        k - amulet of Vitality {RegenMP++ Regen++}
Stlth   +++++        n - ring of Usarei {rElec Int+6 Dex+4 Stlth+}
HPRegen 2.09/turn    y - ring "Bizxurif" {Fly AC+4 Str+7 Dex-2 SInv}
MPRegen 1.15/turn

%: no passive effects
@: lethally poisoned (0 -> -61), flying, slowed, studying 3 skills, silenced,
heavily drained, very slow
A: sturdy frame 1
}: 15/15 runes: decaying, serpentine, slimy, silver, golden, iron, obsidian,
icy, bone, abyssal, demonic, glowing, magical, fiery, dark
a: Renounce Religion


You were on level 16 of a ziggurat.
You worshipped Vehumet.
Vehumet was exalted by your worship.
You visited 17 branches of the dungeon, and saw 83 of its levels.
You visited Pandemonium 8 times, and saw 43 of its levels.
You visited the Abyss 25 times.
You visited 1 ziggurat, and saw 16 of its levels.
You also visited: Bailey, Gauntlet and Wizlab.

You collected 20641 gold pieces.
You spent 1706 gold pieces at shops.

Inventory:

Armour
 a - the +1 helmet "Myelaq" (worn) {rCorr}
   (You found it in a Gauntlet)

   rCorr:     It protects you from acid and corrosion.
 e - the +0 pair of boots "Carip" {rN+++ Will++}
   (You found it on level 5 of the Vaults)

   rN+++:     It renders you almost immune to negative energy.
   Will++:    It greatly increases your willpower.
 m - a +2 cloak of willpower
 q - the +2 cloak "Uxapymn" (worn) {rN+ Str+2}
   (You found it on level 3 of the Tomb of the Ancients)

   Str+2:     It affects your strength (+2).
   rN+:       It protects you from negative energy.
 w - the +2 cloak "Beluroe" {rPois rC+ Stlth+}
   (You found it on level 12 of a ziggurat)

   rC+:       It protects you from cold.
   rPois:     It protects you from poison Stlth+: It makes you more stealthy.
 B - the +0 pair of boots "Onyogess" (worn) {Str+3 Int+4}
   (You found it on level 5 of the Pits of Slime)

   Str+3:     It affects your strength (+3).
   Int+4:     It affects your intelligence (+4).
 H - a +1 cloak of preservation
 K - the +0 fire dragon scales of Courage (worn) {rF++ rC- rN+ Str+7 Int-3}
   (You found it on level 3 of the Elven Halls)

   Str+7:     It affects your strength (+7).
   Int-3:     It affects your intelligence (-3).
   rF++:      It greatly protects you from fire.
   rC-:       It makes you vulnerable to cold.
   rN+:       It protects you from negative energy.
 L - the +0 plate armour "Weadamil" {rF+ Regen+}
   (You found it on level 13 of a ziggurat)

   rF+:       It protects you from fire.
   Regen+:    It increases your rate of health regeneration.
 O - the +1 robe of Vines {NoPotionHeal Regen++++}
   (You found it on level 14 of a ziggurat)

   NoPotionHeal: Its wearer cannot be healed by potions.
   Regen++++: It increases your rate of health regeneration.
 R - a +8 tower shield of protection (worn)
 U - a +2 pair of gloves of dexterity (worn)
Magical Staves
 b - the staff of Nightmares {rCorr Conj}
   (You found it on level 4 of a ziggurat)

   [staff of conjuration]

   Base accuracy: +5 Base damage: 5 Base attack delay: 1.2 This weapon's minimum
   attack delay (0.6) is reached at skill level 12.
   rCorr:     It protects you from acid and corrosion.
   Conj:      It increases the power of your Conjurations spells.
   It falls into the 'Staves' category.
   It is a one-handed weapon.
 i - the staff of Instant Death {rN+ Will+++ Str+4 Dex-2 Necro}
   (You found it on level 9 of a ziggurat)

   [staff of death]

   Base accuracy: +5 Base damage: 5 Base attack delay: 1.2 This weapon's minimum
   attack delay (0.6) is reached at skill level 12.
   Str+4:     It affects your strength (+4).
   Dex-2:     It affects your dexterity (-2).
   rN+:       It protects you from negative energy.
   Will+++:   It greatly increases your willpower.
   Necro:     It increases the power of your Necromancy spells.
   It falls into the 'Staves' category.
   It is a one-handed weapon.
 D - the staff of Thoughtfulness {rElec MP+9 Int+3 SInv Air}
   (You found it on level 2 of the Crypt)

   [staff of air]

   Base accuracy: +5 Base damage: 5 Base attack delay: 1.2 This weapon's minimum
   attack delay (0.6) is reached at skill level 12.
   Int+3:     It affects your intelligence (+3).
   rElec:     It insulates you from electricity.
   MP+9:      It affects your magic capacity (+9).
   SInv:      It lets you see invisible.
   Air:       It increases the power of your Air spells.
   It falls into the 'Staves' category.
   It is a one-handed weapon.
 J - the staff of the Living Dead (weapon) {rF+ Will+ Fire}
   (You found it on level 3 of the Elven Halls)

   [staff of fire]

   Base accuracy: +5 Base damage: 5 Base attack delay: 1.2 This weapon's minimum
   attack delay (0.6) is reached at skill level 12.
   rF+:       It protects you from fire.
   Will+:     It increases your willpower.
   Fire:      It increases the power of your Fire spells.
   It falls into the 'Staves' category.
   It is a one-handed weapon.
Jewellery
 k - the amulet of Vitality (around neck) {RegenMP++ Regen++}
   (You found it in a Gauntlet)

   [amulet of magic regeneration]

   RegenMP:   It increases your rate of magic regeneration.
   Regen++:   It increases your rate of health regeneration.
 n - the ring of Usarei (left hand) {rElec Int+6 Dex+4 Stlth+}
   (You bought it in a shop on level 2 of the Orcish Mines)

   [ring of intelligence]

   Int+6:     It affects your intelligence (+6).
   Dex+4:     It affects your dexterity (+4).
   rElec:     It insulates you from electricity.
   Stlth+:    It makes you more stealthy.
 y - the ring "Bizxurif" (right hand) {Fly AC+4 Str+7 Dex-2 SInv}
   (You acquired it on level 8 of the Dungeon)

   [ring of protection]

   AC+4:      It affects your AC (+4).
   Str+7:     It affects your strength (+7).
   Dex-2:     It affects your dexterity (-2).
   SInv:      It lets you see invisible.
   Fly:       It grants you flight.
 I - a ring of the Octopus King {Fly HP+2 AC+2 EV+2 SH+2}
   (You found it on level 13 of a ziggurat)

   [ring of flight]

   AC+2:      It affects your AC (+2).
   EV+2:      It affects your evasion (+2).
   HP+2:      It affects your health (+2).
   Fly:       It grants you flight.
   SH+2:      It affects your SH (+2).
Talismans
 N - a talisman of death
Wands
 d - a wand of flame (294)
 v - a wand of digging (37)
Scrolls
 c - a scroll of fear
 h - 10 scrolls of enchant armour
 l - 11 scrolls of revelation
 r - 24 scrolls of fog
 u - 30 scrolls of teleportation
 x - 8 scrolls of silence
 z - 5 scrolls of blinking
 A - 9 scrolls of enchant weapon
 F - 10 scrolls of summoning
 V - 15 scrolls of amnesia
Potions
 f - 5 potions of resistance
 g - 42 potions of curing
 j - 6 potions of cancellation
 p - 13 potions of enlightenment
 s - 8 potions of invisibility
 t - 5 potions of might
 C - 6 potions of heal wounds
 E - 8 potions of magic
 G - 7 potions of haste
 M - a potion of ambrosia
 T - 21 potions of mutation
 X - 14 potions of lignification
 Y - 8 potions of brilliance
Miscellaneous
 o - a figurine of a ziggurat


   Skills:
 O Level 27 Fighting
 O Level 27 Armour
 O Level 27 Dodging
 - Level 11.2 Stealth
 + Level 26.7 Shields
 O Level 27 Spellcasting
 O Level 27 Conjurations
 O Level 27 Summonings
 - Level 7.0 Translocations
 O Level 27 Fire Magic
 * Level 25.6 Earth Magic
 O Level 27 Shapeshifting


You had 2 spell levels left.
You knew the following spells:

 Your Spells              Type           Power      Damage    Failure   Level
a - Magic Dart            Conj           100%       1d8       0%          1
b - Searing Ray           Conj           100%       2d8       0%          2
c - Iskenderun's Mystic   Conj/Tloc      100%       2d19      0%          4
d - Iskenderun's Battles  Conj           100%       2d15      0%          5
e - Spellforged Servitor  Conj/Summ      70%        N/A       0%          7
f - Fireball              Conj/Fire      83%        3d31      0%          5
g - Orb of Destruction    Conj           70%        9d16      0%          7
h - Dragon's Call         Summ           70%        N/A       1%          9
i - Shatter               Erth           69%        3d51*     1%          9
r - Fire Storm            Conj/Fire      83%        8d21      1%          9
t - Ignition              Fire           83%        3d21      1%          8
v - Lehudib's Crystal Sp  Conj/Erth      69%        10d16     1%          8
w - Passage of Golubria   Tloc           89%        N/A       1%          4

Your spell library contained the following spells:

 Spells                   Type           Power      Damage    Failure   Level
 Polar Vortex             Ice            28%        12d3*     100%        9
 Foxfire                  Conj/Fire      100%       2x1d9     0%          1
 Kiss of Death            Conj/Necr      100%       2d13      0%          1
 Sandblast                Erth           100%       2d20      0%          1
 Shock                    Conj/Air       100%       1d9       0%          1
 Summon Small Mammal      Summ           100%       N/A       0%          1
 Call Imp                 Summ           100%       N/A       0%          2
 Momentum Strike          Conj/Tloc      100%       3d10      0%          2
 Passwall                 Tmut/Erth      90%        N/A       0%          2
 Scorch                   Fire           100%       2d9       0%          2
 Static Discharge         Conj/Air       100%       2-7/arc   0%          2
 Apportation              Tloc           100%       N/A       1%          1
 Freeze                   Ice            100%       1d10      1%          1
 Necrotise                Necr           100%       1d9       1%          1
 Slow                     Hex            100%       N/A       1%          1
 Sting                    Tmut/Pois      100%       1d8       1%          1
 Blink                    Tloc           100%       N/A       1%          2
 Cigotuvi's Dreadful Rot  Necr/Pois/Air  100%       N/A       1%          2
 Ensorcelled Hibernation  Hex/Ice        100%       N/A       1%          2
 Lesser Beckoning         Tloc           100%       N/A       1%          2
 Sublimation of Blood     Necr           57%        N/A       1%          2
 Wereblood                Tmut           57%        N/A       1%          2
 Call Canine Familiar     Summ           100%       N/A       0%          3
 Dazzling Flash           Conj/Hex       100%       N/A       0%          3
 Hailstorm                Conj/Ice       100%       3d20      0%          3
 Ignite Poison            Fire/Tmut/Pois 100%       N/A       0%          3
 Mephitic Cloud           Conj/Pois/Air  96%        N/A       0%          3
 Stone Arrow              Conj/Erth      100%       3d13      0%          3
 Summon Guardian Golem    Hex/Summ       100%       N/A       0%          3
 Volatile Blastmotes      Fire/Tloc      100%       2d18      0%          3
 Animate Armour           Summ/Erth      100%       N/A       0%          4
 Brom's Barrelling Bould  Conj/Erth      100%       2d11      0%          4
 Flame Wave               Conj/Fire      100%       2d21      0%          4
 Fulminant Prism          Conj/Hex       55%        3d24      0%          4
 Leda's Liquefaction      Hex/Erth       54%        N/A       0%          4
 Petrify                  Tmut/Erth      100%       N/A       0%          4
 Sticky Flame             Conj/Fire      100%       2d11      0%          4
 Summon Ice Beast         Ice/Summ       100%       N/A       0%          4
 Summon Lightning Spire   Summ/Air       100%       N/A       0%          4
 Lee's Rapid Deconstruct  Erth           69%        3d31*     0%          5
 Summon Forest            Summ/Tloc      59%        N/A       0%          5
 Bombard                  Conj/Erth      69%        9d11      0%          6
 Starburst                Conj/Fire      83%        6d21      0%          6
 Summon Cactus Giant      Summ           70%        N/A       0%          6
 Monstrous Menagerie      Summ           70%        N/A       0%          7
 Summon Hydra             Summ           70%        N/A       0%          7
 Confusing Touch          Hex            57%        N/A       1%          3
 Frozen Ramparts          Ice            100%       1d16      1%          3
 Gell's Gravitas          Tloc           89%        N/A       1%          3
 Ozocubu's Armour         Ice            57%        N/A       1%          3
 Portal Projectile        Hex/Tloc       100%       N/A       1%          3
 Sigil of Binding         Hex            57%        N/A       1%          3
 Swiftness                Air            57%        N/A       1%          3
 Teleport Other           Tloc           89%        N/A       1%          3
 Tukima's Dance           Hex            57%        N/A       1%          3
 Vampiric Draining        Necr           57%        2d10      1%          3
 Airstrike                Air            28%        2d(5-21)  1%          4
 Dimensional Bullseye     Hex/Tloc       37%        N/A       1%          4
 Manifold Assault         Tloc           89%        N/A       1%          4
 Vhi's Electric Charge    Tloc/Air       100%       N/A       1%          4
 Arcjolt                  Conj/Air       55%        1d65      1%          5
 Borgnjor's Vile Clutch   Necr/Erth      54%        N/A       1%          5
 Freezing Cloud           Conj/Ice/Air   48%        6-21      1%          5
 Irradiate                Conj/Tmut      55%        3d30      1%          5
 Summon Mana Viper        Hex/Summ       100%       N/A       1%          5
 Conjure Ball Lightning   Conj/Air       55%        3x3d20    1%          6
 Plasma Beam              Fire/Air       67%        2x1d83    1%          6
 Haunt                    Necr/Summ      55%        N/A       1%          7
 Malign Gateway           Summ/Tloc      59%        N/A       1%          7
 Summon Horrible Things   Summ           70%        N/A       1%          8
 Yara's Violent Unravell  Hex/Tmut       28%        3d12      2%          5
 Dispersal                Tloc           44%        N/A       2%          6
 Anguish                  Hex/Necr       28%        N/A       3%          4
 Animate Dead             Necr           57%        N/A       3%          4
 Cause Fear               Hex            28%        N/A       3%          4
 Dispel Undead            Necr           57%        3d20      3%          4
 Agony                    Necr           57%        N/A       9%          5
 Alistair's Intoxication  Tmut/Pois      38%        N/A       9%          5
 Metabolic Englaciation   Hex/Ice        28%        N/A       9%          5
 Silence                  Hex/Air        28%        N/A       9%          5
 Eringya's Noxious Bog    Tmut/Pois      28%        4d6       13%         6
 Chain Lightning          Conj/Air       55%        3d73      30%         9
 Death Channel            Necr           28%        N/A       43%         6
 Simulacrum               Ice/Necr       28%        N/A       43%         6
 Ozocubu's Refrigeration  Ice            28%        4d13      52%         7
 Disjunction              Tloc           44%        N/A       75%         8
 Enfeeble                 Hex            28%        N/A       95%         7
 Maxwell's Capacitive Co  Air            28%        ∞         99%         8
 Borgnjor's Revivificati  Necr           28%        N/A       100%        8
 Infestation              Necr           28%        N/A       100%        8
 Death's Door             Necr           28%        N/A       100%        9


Dungeon Overview and Level Annotations

Branches:
Dungeon (15/15)            Temple (1/1) D:6            Lair (5/5) D:10
  Swamp (4/4) Lair:3        Snake (4/4) Lair:3        Slime (5/5) Lair:4
    Orc (2/2) D:11            Elf (3/3) Orc:2        Vaults (5/5) D:13
  Crypt (3/3) Vaults:3       Tomb (3/3) Crypt:3      Depths (4/4) D:15
   Hell (visited)             Dis (7/7) Hell            Geh (7/7) Hell
    Coc (7/7) Hell            Tar (7/7) Hell            Zot (0/5) Depths:4
 Bailey (visited)          WizLab (visited)         Gauntlet (visited)

Altars:
Ashenzari
Cheibriados
Dithmenos
Elyvilon
Fedhas
Gozag
Hepliaklqana
Kikubaaqudgha
Makhleb
Nemelex Xobeh
Okawaru
Qazlal
Ru
Sif Muna
Trog
Uskayaw
Vehumet
Wu Jian
Xom
Yredelemnul
Zin
The Shining One
Jiyva
Lugonu

Shops:
D:5 =   D:7 [   D:12 (   Orc:1 **   Orc:2 [*([=   Elf:2 (   Snake:1 (:
Snake:2 [   Vaults:4 [   Depths:1 [   Depths:2 !   Depths:4 :

Portals:
Hell: Lair:5 Depths:1 Depths:2 Depths:3 Depths:4
Abyss: Lair:5 Depths:3 Depths:4
Pandemonium: Depths:2

Annotations:
Elf:3 exclusion: upstairs


Innate Abilities, Weirdness & Mutations

Your movements are slightly less encumbered by armour. (ER -2)


Message History

The +0 fire dragon scales of Courage {rF++ rC- rN+ Str+7 Int-3} unmelds from your body.
You feel agile.
You feel yourself speed up.
You feel yourself slow down.
Your resistance to elements expires.
You feel extremely sick. The putrid mouth throws miasma at you.
The foul vapour misses you. The putrid mouth throws miasma at you.
The foul vapour misses you.
You block the tainted leviathan's attack.
The tainted leviathan closely misses you.
You block the putrid mouth's attack. The putrid mouth barely misses you. x2
You block the putrid mouth's attack. You block the Tzitzimitl's attack.
The Tzitzimitl bites you but does no damage.
The spectral iron dragon bites you but does no damage.
You block the spectral iron dragon's attack.
The spectral iron dragon completely misses you.
The putrid mouth throws miasma at you. The foul vapour engulfs you!!
You are lethally poisoned!
* * * LOW HITPOINT WARNING * * *
You feel much better.
You are engulfed in dark miasma.
You are more poisoned.
You feel yourself slow down.
* * * LOW HITPOINT WARNING * * *
x2 You feel extremely sick.
You block the putrid mouth's attack. The putrid mouth barely misses you.
You block the putrid mouth's attack. x3; The putrid mouth closely misses you.
The putrid mouth bites you but does no damage.
You block the putrid mouth's attack.
The Tzitzimitl engulfs you but does no damage.
The Tzitzimitl barely misses you. The putrid mouth closely misses you.
The putrid mouth misses you.
The spectral iron dragon bites you but does no damage.
The spectral iron dragon completely misses you.
The spectral iron dragon tramples you but does no damage.
You feel much better.
You are engulfed in dark miasma.
You are more poisoned.
* * * LOW HITPOINT WARNING * * *
You die...

▓.##........
▓▓....................
▓▓............○........
▓.............○D.......
▓.............○°.......
▓$°°?.........○........
▓?:°○WWZ..........○W.D.
▓▓[∩°WC@WZ.........☼○h.v
▓?">°☼W1W.........☼W.°..
▓▓!°°$|W.........☼☼WD...
▓)!):[..........○☼W....
▓.:...............○....
▓.................°....
▓.............○○☼○.....
▓▓..............☼☼.....
▓▓...........°.°°.....


You could see a tainted leviathan (unsilenced), a Tzitzimitl (unsilenced), 6
putrid mouths, a silent spectre (silencing) and 2 spectral iron dragons.

Vanquished Creatures
  Cerebov (Pan)
  Asmodeus (Geh:7)
  the Royal Jelly (Slime:5)
  Ereshkigal (Tar:7)
  Gloorx Vloq (Pan)
  Ignacio (Pan)
  28 pandemonium lords
  Lom Lobon (Pan)
  the Serpent of Hell (Geh:7)
  9 dread liches
  9 ancient liches
  5 juggernauts
  16 royal mummies
  Sojobo (Depths:1)
  the Lernaean hydra (Swamp:4)
  Vashnia (Snake:3)
  Saint Roka (Orc:2)
  Margery (Vaults:5)
  16 shard shrikes
  22 caustic shrikes
  Geryon (Hell)
  22 profane servitors
  A pearl dragon (Zig:8)
  The ghost of Goxon Jio the Warrior, an adept MfGl of Ashenzari (Swamp:2)
  Norris (Vaults:1)
  Jory (Crypt:3)
  the Enchantress (Depths:1)
  28 Brimstone Fiends
  24 bone dragons
  8 doom hounds
  26 Tzitzimimeh
  15 hellephants
  A shard shrike zombie (Abyss:3)
  5 iron giants
  49 Ice Fiends
  19 Hell Sentinels
  A spectral shard shrike (Tar:4)
  11 tentacled monstrosities
  14 liches
  18 tainted leviathans
  Mlioglotl (Snake:2)
  3 deep elf master archers
  10 sphinxes
  15 titans
  60 tentacled starspawn
  A kraken (Abyss:3)
  19 acid blobs
  15 searing wretches
  55 Executioners
  A deep elf blademaster (Elf:3)
  2 walking divine tomes (Depths:4)
  26 ancient champions
  2 thorn hunters (WizLab)
  The ghost of Ruet the Basher, an adept AtFi of Makhleb (Snake:1)
  5 nagarajas
  3 shadow dragons (Vaults:5)
  2 daevas
  2 storm dragons
  8 tengu reavers
  7 revenants
  6 rockslimes
  2 draconian monks (Zig:7)
  7 quicksilver elementals
  26 fire giants
  4 narguns
  13 azure jellies
  2 deep elf sorcerers (Elf:3)
  32 demonspawn warmongers (Pan)
  4 fenstrider witches
  9 frost giants
  7 ghost moths
  62 balrugs
  2 emperor scorpions (Zig:15)
  12 shard shrike simulacra
  10 vault wardens
  A draconian scorcher (Zig:7)
  A spectral juggernaut (Tar:1)
  4 curse skulls
  3 deep elf elementalists
  4 angels
  6 iron dragons
  Louise (Swamp:4)
  2 orc warlords
  7 spriggan defenders
  3 caustic shrike zombies
  3 draconian stormcallers (Zig:7)
  8 ghouls
  42 very ugly things
  14 ironbound preservers
  21 demonspawn corrupters
  38 war gargoyles
  3 draconian annihilators
  4 formless jellyfish
  4 ophanim
  An ironbound thunderhulk (Vaults:2)
  33 demonspawn black suns (Pan)
  15 stone giants
  19 vampire knights
  48 reapers
  10 quicksilver oozes
  74 cacodemons
  18 demonspawn blood saints (Pan)
  2 apis (Zig:8)
  4 eleionomae
  8 deep elf demonologists
  3 green draconians
  62 lorocyprocas
  8 spark wasps
  3 black draconians
  24 putrid mouths
  A white draconian (Abyss:2)
  6 deep elf annihilators
  2 purple draconians (Abyss:2)
  14 wendigos
  25 elemental wellsprings
  13 bennus
  A red draconian (Zig:7)
  A minotaur (Gauntlet)
  2 bunyips (Swamp:2)
  A yellow draconian (Depths:4)
  12 dire elephants
  6 deep elf death magi
  3 eidola
  2 merfolk javelineers (Zig:15)
  Snorg (D:12)
  39 blizzard demons
  15 iron golems
  35 green deaths
  2 entropy weavers
  2 shambling mangroves
  22 mummy priests
  A quicksilver dragon zombie (Abyss:2)
  11 ettins
  4 deep elf high priests
  10 jiangshi
  The ghost of Ofeo the Marksspriggan, a journeyman SpHu of Fedhas (Lair:3)
  A spectral kraken (Tar:7)
  10 yaktaur captains
  3 fire dragons
  25 vault guards
  The ghost of Yrhif the Gouger, a journeyman FeCK of Jiyva (D:14)
  12 great orbs of eyes
  11 ice dragons
  A spriggan zombie (Crypt:3)
  Erolcha (D:12)
  2 peacekeepers
  A spectral sphinx (Zig:16)
  18 hydras
  6 spriggan air magi
  13 rakshasas
  An entropy weaver (shapeshifter) (D:14)
  3 ogre magi
  8 alligators
  8 caustic shrike simulacra
  6 ironbound frosthearts
  3 juggernaut simulacra
  A spectral shadow dragon (Tar:1)
  19 hell beasts
  4 boulder beetles
  15 centaur warriors
  9 spriggan skeletons
  13 salamander tyrants
  A bennu skeleton (Crypt:2)
  7 two-headed ogres
  The ghost of Yfri the Prestidigitator, a journeyman GnAr of Hepliaklqana (D:11)
  An anaconda (shapeshifter) (Abyss:2)
  3 merfolk aquamancers (Zig:15)
  6 satyrs (WizLab)
  6 anacondas
  A two-headed ogre (shapeshifter) (D:13)
  18 dancing weapons
  9 naga warriors
  5 stokers
  Erica (D:8)
  2 death knights
  4 deep troll shamans
  A death yak (Lair:3)
  68 death scarabs
  A spectral dire elephant (Tar:5)
  12 vampire magi
  4 spriggan berserkers
  9 tengu warriors
  7 orc high priests
  A spectral naga (Tar:5)
  42 thrashing horrors
  5 deep troll earth magi
  54 hell hogs
  54 demonic crawlers
  15 naga sharpshooters
  5 shock serpents
  2 titan zombies
  9 deep elf knights
  6 holy swine (Pan)
  Sonja (D:11)
  10 crystal echidnas
  193 sun demons
  2 titan skeletons (Pan)
  48 wretched stars
  17 hell knights
  A pharaoh ant (Zig:15)
  4 skysharks
  A skyshark (shapeshifter) (Vaults:5)
  89 sixfirhies
  A salamander mystic (Snake:4)
  106 soul eaters
  4 iron trolls
  16 shadow wraiths
  3 fire crabs (Geh:6)
  A nameless horror (Pan)
  A spectral anaconda (Tar:7)
  4 goliath frogs
  An iron giant zombie (Crypt:3)
  2 bunyip zombies
  A death drake (shapeshifter) (Abyss:3)
  10 glowing orange brains
  A storm dragon skeleton (Pan)
  4 anaconda zombies
  37 skeletal warriors
  3 death drakes
  6 swamp dragons
  3 spatial maelstroms
  2 spriggan simulacra
  39 deep trolls
  A ghost moth zombie (Crypt:3)
  4 spriggan druids
  4 cherubim
  A sea snake (Snake:3)
  45 shadow demons
  5 naga ritualists
  8 quicksilver dragon simulacra
  21 phantasmal warriors
  11 deep elf archers
  An orb spider (shapeshifter) (Abyss:3)
  19 wizards
  2 anaconda skeletons
  4 bog bodies
  A human zombie (Vaults:1)
  3 lindwurms
  24 deep elf pyromancers
  141 starcursed masses
  9 flayed ghosts
  An obsidian statue (D:15)
  9 orc knights
  10 deep elf zephyrmancers
  2 alligator zombies (Hell)
  A goliath frog zombie (Crypt:3)
  7 harpies
  14 necromancers
  13 orc sorcerers
  A stone giant zombie (Abyss:2)
  4 fauns (WizLab)
  An iron dragon zombie (Crypt:3)
  8 mana vipers
  10 ironbound convokers
  A shadow dragon skeleton (Pan)
  An oklob plant (WizLab)
  A wolf spider (Gauntlet)
  A mana viper (shapeshifter) (D:12)
  2 spectral ettins
  11 shining eyes
  4 cyclopes
  27 ugly things
  2 salamanders
  2 manticores
  6 will-o-the-wisps
  2 moths of wrath (Zig:15)
  26 worldbinders
  A stone giant skeleton (Tomb:3)
  A naga zombie (Tomb:2)
  42 black mambas
  8 elephants
  14 vault sentinels
  A dire elephant zombie (Crypt:1)
  A merfolk siren (Zig:15)
  9 rust devils
  A centaur zombie (Crypt:3)
  A torpor snail (shapeshifter) (Zig:14)
  An eye of devastation (Pan)
  5 titan simulacra
  184 smoke demons
  11 molten gargoyles
  7 guardian serpents
  3 torpor snails
  An alligator snapping turtle zombie (Abyss:2)
  8 apocalypse crabs
  2 water nymphs (Zig:15)
  An eye of devastation (shapeshifter) (Depths:3)
  A storm dragon simulacrum (Coc:1)
  A dire elephant skeleton (Abyss:1)
  10 cane toads
  15 naga magi
  86 orange demons
  2 gargoyles
  11 spectral swamp worms (Tar:7)
  A pale draconian zombie (Crypt:3)
  79 hellions
  5 rime drakes
  11 unseen horrors
  A green draconian zombie (Crypt:3)
  6 centaur skeletons
  8 komodo dragons
  28 yaktaurs
  14 freezing wraiths
  10 tengu conjurers
  25 tormentors
  2 bunyip simulacra
  3 kobold demonologists
  5 anaconda simulacra
  13 ice devils
  A golden dragon simulacrum (Coc:7)
  12 efreet
  7 harpy zombies
  20 red devils
  4 iron giant simulacra
  37 ancient zymes
  32 guardian mummies
  A queen bee (D:14)
  10 trolls
  A yaktaur (shapeshifter) (Vaults:2)
  A meliai (D:14)
  A pale draconian skeleton (Crypt:2)
  2 bloated husks
  A polar bear (D:10)
  11 tyrant leeches
  Grinder (D:5)
  A wind drake (shapeshifter) (Abyss:3)
  A harpy skeleton (Pan)
  245 large abominations
  10 hornets
  A grey draconian skeleton (Crypt:1)
  Prince Ribbit (Bailey)
  73 hellwings
  A tarantella (shapeshifter) (Vaults:5)
  35 blink frogs
  91 raiju
  An ice dragon zombie (Abyss:1)
  2 hydra zombies (Hell)
  A snapping turtle (Zig:15)
  A tarantella (Vaults:1)
  2 iron dragon simulacra
  A hydra skeleton (Abyss:3)
  4 dream sheep (Lair:1)
  A great orb of eyes zombie (Crypt:3)
  A black mamba zombie (Abyss:2)
  2 jumping spiders
  37 flying skulls
  100 slime creatures
  4 vampires
  A centaur simulacrum (Abyss:3)
  6 dire elephant simulacra
  12 spriggans
  Sigmund (D:5)
  A culicivora (shapeshifter) (Abyss:3)
  5 ushabtiu
  16 fire bats
  3 shadows
  177 ynoxinuls
  4 air elementals
  A human (shapeshifter) (Abyss:3)
  16 water elementals
  75 yaks
  2 wyverns (Lair:5)
  6 basilisks
  22 wraiths
  2 ettin skeletons
  2 alligator snapping turtle simulacra (Coc:3)
  A black mamba skeleton (Abyss:1)
  20 golden eyes
  A steam dragon (D:9)
  A redback (shapeshifter) (Abyss:2)
  5 humans (Bailey)
  114 chaos spawn
  97 neqoxecs
  7 vampire mosquitoes
  A redback (Vaults:1)
  14 harpy simulacra
  6 wargs
  24 spatial vortices
  10 swamp worms
  32 nagas
  3 acid dragons
  A demonspawn skeleton (Pan)
  20 water moccasins
  2 floating eyes
  17 hell hounds
  A merfolk skeleton (Crypt:2)
  4 naga skeletons
  10 swamp drakes
  44 orc warriors
  10 ice beasts
  A sky beast (D:7)
  A swamp dragon zombie (Tomb:1)
  6 ettin simulacra
  3 black bears
  10 wolves
  A hog zombie (Crypt:3)
  9 centaurs
  17 ogres
  A swamp dragon skeleton (Abyss:1)
  A human skeleton (Vaults:1)
  A kobold brigand (D:9)
  An elf simulacrum (Vaults:1)
  A phantom (D:6)
  Blork the orc (D:6)
  2 gnoll sergeants
  22 bullfrogs
  A glowing shapeshifter simulacrum (Vaults:1)
  2 naga simulacra
  3 earth elementals
  4 scorpions
  A water moccasin skeleton (Crypt:3)
  An elf skeleton (Crypt:3)
  18 wights
  82 small abominations
  20 killer bees
  A swamp dragon simulacrum (Coc:1)
  5 howler monkeys (D:9)
  5 electric eels
  A yak skeleton (Crypt:1)
  A polar bear skeleton (Crypt:1)
  2 crimson imps (Abyss:3)
  4 hounds
  14 jellies
  11 quasits
  Crazy Yiuf (D:2)
  A gnoll bouda (D:5)
  18 orc priests
  12 iron imps
  A sleepcap (D:6)
  2 iguanas (D:6)
  Terence (D:3)
  27 orc wizards
  2 hell rats (Lair:3)
  An ice beast zombie (Crypt:3)
  A hound skeleton (Crypt:1)
  22 mummies
  11 gnolls
  7 adders
  8 river rats (Lair:3)
  A swamp drake skeleton (Crypt:3)
  A shadow imp (D:7)
  18 white imps
  A howler monkey simulacrum (D:8)
  15 ufetubi
  2 worms
  An iguana skeleton (Crypt:2)
  87 orcs
  3 endoplasms
  6 giant cockroaches
  7 goblins
  8 hobgoblins
  4 jackals (D:5)
  10 quokkas
  7 ball pythons
  2 bats
  8 frilled lizards
  16 kobolds
  A kobold skeleton (Crypt:2)
  5 rats
  A spectral orc (D:5)
  12 ball lightnings (Pan)
  3 creeping infernos
  2 fire vortices
  5 lurking horrors
  16 starspawn tentacles
5976 creatures vanquished.

Vanquished Creatures (collateral kills)
  Antaeus (Coc:7)
  10 pandemonium lords (Pan)
  Mnoleg (Pan)
  Dispater (Dis:7)
  A dread lich (Zig:14)
  Mennas (Pan)
  3 juggernauts
  3 ancient liches
  6 royal mummies
  6 shard shrikes (Coc:7)
  9 caustic shrikes
  A golden dragon (Zig:14)
  5 profane servitors
  21 bone dragons
  13 Tzitzimimeh
  2 doom hounds
  5 hellephants
  10 Brimstone Fiends
  4 iron giants
  7 tentacled monstrosities
  5 Ice Fiends
  11 Hell Sentinels
  4 liches
  4 quicksilver dragons
  7 tainted leviathans
  A deep elf master archer (Elf:3)
  5 titans
  A deep elf blademaster (Elf:3)
  7 acid blobs
  10 Executioners (Pan)
  3 searing wretches (Geh:7)
  7 sphinxes
  18 tentacled starspawn
  11 ancient champions
  3 storm dragons
  A draconian monk (Depths:4)
  A shadow dragon (shapeshifter) (Elf:3)
  Aizul (Snake:2)
  5 shadow dragons (Vaults:5)
  3 tengu reavers
  3 narguns
  Roxanne (Swamp:4)
  2 nagarajas
  2 rockslimes
  5 quicksilver elementals
  11 vault wardens
  3 frost giants
  10 demonspawn warmongers (Pan)
  11 fire giants
  3 ghost moths (Pan)
  7 iron dragons
  An angel (Pan)
  The ghost of knightboat the Devastator, an adept TeAE of Qazlal (Swamp:3)
  A draconian scorcher (Depths:4)
  2 deep elf sorcerers (Elf:3)
  A deep elf elementalist (Elf:3)
  A juggernaut zombie (Crypt:3)
  2 orc warlords
  7 cacodemons
  44 balrugs
  2 ghouls
  6 demonspawn corrupters (Pan)
  6 shard shrike simulacra
  A broodmother (shapeshifter) (Abyss:3)
  11 ironbound preservers
  9 demonspawn blood saints (Pan)
  22 reapers (Pan)
  2 formless jellyfish (Vaults:1)
  A quicksilver ooze (Slime:5)
  3 caustic shrike skeletons
  8 stone giants
  14 very ugly things
  16 war gargoyles
  A draconian annihilator (Pan)
  2 green draconians
  2 deep elf annihilators
  3 bennus
  A vampire knight (Depths:2)
  5 ironbound thunderhulks
  2 deep elf demonologists
  A bunyip (Swamp:4)
  4 putrid mouths
  An eleionoma (Swamp:4)
  7 elemental wellsprings
  2 black draconians
  A bunyip (shapeshifter) (Abyss:3)
  3 wendigos
  9 demonspawn black suns
  A dire elephant (Vaults:4)
  6 lorocyprocas (Pan)
  9 iron golems
  4 deep elf death magi
  2 eidola (Tar:3)
  2 crystal guardians
  11 green deaths (Pan)
  A spectral quicksilver dragon (Tar:4)
  5 yaktaur captains (Vaults:5)
  8 ettins
  15 blizzard demons
  A mummy priest (Tomb:1)
  A quicksilver dragon zombie (Abyss:3)
  4 great orbs of eyes
  An entropy weaver (Vaults:1)
  4 spriggan zombies
  An ice dragon (Depths:4)
  8 salamander tyrants
  2 fire dragons
  An ironbound frostheart (Vaults:2)
  A juggernaut simulacrum (Coc:4)
  10 vault guards
  2 rakshasas
  8 hell beasts
  5 hydras (Swamp:4)
  5 caustic shrike simulacra
  A spriggan air mage (Depths:4)
  An alligator (Swamp:4)
  An anaconda (Snake:3)
  2 centaur warriors
  A spriggan skeleton (Tomb:3)
  An anaconda (shapeshifter) (Vaults:5)
  A death knight (Vaults:3)
  7 naga warriors
  2 two-headed ogres (shapeshifter)
  42 death scarabs
  2 tengu warriors
  3 two-headed ogres
  11 dancing weapons
  20 hell hogs
  The ghost of Newt the Fighter, a novice DsGl of Makhleb (D:9)
  2 titan zombies (Abyss:3)
  11 demonic crawlers
  3 shock serpents
  2 vampire magi
  A shock serpent (shapeshifter) (Abyss:3)
  4 naga sharpshooters
  2 deep troll earth magi
  41 soul eaters (Pan)
  21 thrashing horrors
  7 hell knights
  A spriggan berserker (Depths:2)
  119 sun demons
  An orc high priest (Elf:2)
  6 deep elf knights
  A titan skeleton (Vaults:5)
  3 crystal echidnas
  10 wretched stars
  25 sixfirhies
  2 salamander mystics (Snake:3)
  2 iron trolls
  113 large abominations
  A shadow wraith (Tar:3)
  7 shadow demons (Pan)
  16 deep trolls
  2 flayed ghosts
  4 skeletal warriors
  An anaconda zombie (Abyss:3)
  6 swamp dragons (Swamp:4)
  3 spatial maelstroms
  2 deep elf archers (Elf:3)
  A shadow dragon zombie (Vaults:5)
  5 bog bodies (Swamp:4)
  A naga ritualist (Snake:2)
  4 phantasmal warriors
  3 wizards
  9 ironbound convokers
  3 spriggan simulacra
  A harpy (Vaults:5)
  3 orc knights
  12 deep elf pyromancers
  A necromancer (Abyss:2)
  2 mana vipers (Snake:2)
  A stone giant zombie (Abyss:2)
  3 anaconda skeletons
  2 fauns (WizLab)
  7 ugly things
  A shadow dragon skeleton (Vaults:5)
  6 salamanders (Snake:3)
  7 deep elf zephyrmancers
  A draconian zombie (Abyss:3)
  6 worldbinders
  7 naga magi
  A fire giant skeleton (Crypt:1)
  A titan simulacrum (Coc:7)
  A vault sentinel (Vaults:4)
  2 centaur zombies
  2 eyes of devastation
  A dire elephant zombie (Tomb:2)
  4 guardian serpents
  6 rust devils
  50 smoke demons
  12 black mambas
  2 apocalypse crabs (Abyss:3)
  A centaur skeleton (Abyss:2)
  The ghost of dxb338 the Covert, a novice FeSh of Wu Jian (D:7)
  6 molten gargoyles (Geh:7)
  24 hellions
  24 orange demons
  2 ice devils
  3 spectral swamp worms (Tar:7)
  4 yaktaurs
  A yaktaur zombie (Vaults:5)
  A spectral naga (Tar:1)
  4 tormentors
  3 anaconda simulacra
  5 ancient zymes
  2 freezing wraiths
  3 tengu conjurers
  6 efreet
  5 silent spectres
  7 red devils (Pan)
  A hydra zombie (Hell)
  A troll (Orc:1)
  4 guardian mummies
  A harpy zombie (Abyss:2)
  33 hellwings
  An iron giant simulacrum (Coc:7)
  A tarantella (shapeshifter) (Vaults:5)
  A bloated husk (Swamp:4)
  3 hornets
  3 harpy skeletons
  A blink frog (shapeshifter) (Abyss:3)
  75 raiju
  7 blink frogs
  18 flying skulls
  27 slime creatures
  An iron dragon simulacrum (Coc:4)
  2 air elementals (Elf:2)
  33 ynoxinuls
  2 spriggans
  7 wraiths
  2 vampires
  2 water elementals (Abyss:2)
  A yak (shapeshifter) (Abyss:3)
  A dire elephant simulacrum (Coc:7)
  A merfolk skeleton (Tomb:1)
  9 fire bats
  A fire elemental (Elf:2)
  2 golden eyes (Slime:1)
  An alligator snapping turtle simulacrum (Abyss:3)
  33 starcursed masses
  52 chaos spawn
  11 neqoxecs
  A human (shapeshifter) (Abyss:2)
  4 ushabtiu
  4 spatial vortices
  14 nagas
  A swamp worm (Swamp:4)
  A two-headed ogre zombie (Crypt:3)
  3 wargs
  A harpy simulacrum (Coc:5)
  An acid dragon (shapeshifter) (Abyss:3)
  A naga zombie (Crypt:3)
  6 hell hounds
  A naga skeleton (Abyss:1)
  A human skeleton (Zig:1)
  11 orc warriors
  A sky beast (Abyss:2)
  3 swamp drakes (Swamp:4)
  An ice beast (Abyss:3)
  An ogre (Orc:1)
  4 ettin simulacra
  4 earth elementals
  A glowing shapeshifter simulacrum (Vaults:5)
  69 small abominations
  7 wights
  A crimson imp (Abyss:3)
  12 quasits
  11 iron imps
  2 jellies
  An orc priest (Vaults:5)
  An orc wizard (Orc:2)
  22 mummies
  3 shadow imps
  15 white imps
  7 ufetubi
  An adder zombie (Crypt:2)
  5 orcs (Orc:1)
  A gnoll skeleton (Crypt:2)
  A rat skeleton (Crypt:1)
  3 fire vortices
  2 lurking horrors (Abyss:3)
  11 starspawn tentacles
1962 creatures vanquished.

Vanquished Creatures (others)
  A Brimstone Fiend (Pan)
  A hellephant (Pan)
  2 tentacled starspawn (Abyss:3)
  A shard shrike simulacrum (Coc:5)
  A balrug (Pan)
  A ghoul (Crypt:2)
  A blizzard demon (Abyss:1)
  A salamander tyrant (Geh:1)
  A caustic shrike simulacrum (Coc:5)
  A deep elf knight (Elf:3)
  A deep troll (Vaults:5)
  3 large abominations
  3 smoke demons (Pan)
  A titan simulacrum (Coc:7)
  5 hellions
  An iron giant simulacrum (Coc:6)
  A golden dragon simulacrum (Coc:3)
  A hellwing (Pan)
  A raiju (Abyss:3)
  6 golden eyes (Abyss:3)
  A harpy simulacrum (Coc:1)
  A sky beast (Abyss:3)
  An orc warrior (Vaults:5)
  A black mamba simulacrum (Coc:1)
  An orc wizard (Vaults:5)
  13 small abominations
  A white imp (Abyss:3)
  An ufetubus (Abyss:1)
  5 ball lightnings (Pan)
  4 creeping infernos
  2175 fire vortices
  4 foxfires (Abyss:2)
  7 lurking horrors
  65 starspawn tentacles
  4 tentacles (Tar:7)
2318 creatures vanquished.

Grand Total: 10256 creatures vanquished

Notes
Turn   | Place    | Note
-------+----------+-------------------------------------------
     0 | D:1      | Moonkey the Deep Elf Conjurer began the quest for the Orb.
     0 | D:1      | Reached XP level 1. HP: 10/10 MP: 6/6
   239 | D:1      | Reached XP level 2. HP: 16/16 MP: 6/8
   297 | D:1      | Learned a level 2 spell: Searing Ray
  1287 | D:2      | Reached XP level 3. HP: 20/20 MP: 8/10
  1474 | D:2      | Reached skill level 1 in Fighting
  1566 | D:2      | Found a faded altar of an unknown god.
  1913 | D:2      | Identified the +1 ring mail "Coxtiara" {rF+ Dex+4}
  2363 | D:2      | Found a runed translucent door.
  2364 | D:2      | Noticed Crazy Yiuf
  2371 | D:2      | Killed Crazy Yiuf
  2372 | D:2      | Reached XP level 4. HP: 25/25 MP: 5/11
  2522 | D:2      | Learned a level 4 spell: Iskenderun's Mystic Blast
  2585 | D:3      | Found a stormy altar of Qazlal.
  2586 | D:3      | Found a white marble altar of Elyvilon.
  2777 | D:3      | Noticed a black bear
  3228 | D:3      | Killed a black bear
  3229 | D:3      | Reached skill level 5 in Conjurations
  3229 | D:3      | Reached skill level 1 in Translocations
  3229 | D:3      | Reached XP level 5. HP: 30/30 MP: 7/13
  3298 | D:3      | Noticed Terence
  3302 | D:3      | Killed Terence
  3445 | D:3      | Found an opulent altar of Gozag.
  3688 | D:4      | Noticed an ogre
  3874 | D:4      | Found an iron altar of Okawaru.
  3960 | D:4      | Killed an ogre
  3961 | D:4      | Reached skill level 5 in Spellcasting
  3961 | D:4      | Reached XP level 6. HP: 35/35 MP: 7/15
  4049 | D:4      | Found a glowing golden altar of the Shining One.
  4413 | D:5      | Entered Level 5 of the Dungeon
  4605 | D:5      | Found Plog's Jewellery Boutique.
  4625 | D:5      | Noticed Sigmund
  4629 | D:5      | Killed Sigmund
  4630 | D:5      | Reached XP level 7. HP: 36/40 MP: 10/17
  4738 | D:5      | Noticed Grinder
  4746 | D:5      | Killed Grinder
  4974 | D:5      | Found a sparkling altar of Nemelex Xobeh.
  5128 | D:5      | Found a basalt altar of Yredelemnul.
  5259 | D:5      | Reached XP level 8. HP: 46/46 MP: 9/19
  5827 | D:6      | Noticed Blork the orc
  5832 | D:6      | Killed Blork the orc
  5917 | D:6      | Found a staircase to the Ecumenical Temple.
  5979 | Temple   | Entered the Ecumenical Temple
  5995 | D:6      | Reached skill level 5 in Stealth
  6112 | D:6      | Noticed a +0 dagger
  6112 | D:6      | Noticed a +0 short sword
  6113 | D:6      | Noticed a +0 spear
  6113 | D:6      | Noticed a +0 falchion
  6113 | D:6      | Noticed a +0 dagger
  6113 | D:6      | Noticed a +0 short sword
  6313 | D:6      | Found a blossoming altar of Fedhas.
  6539 | D:6      | Reached skill level 5 in Dodging
  6809 | D:6      | Noticed a +0 spear
  6810 | D:6      | Noticed a +0 falchion
  6834 | D:6      | Found a hide-covered altar of Uskayaw.
  7520 | D:7      | Reached XP level 9. HP: 43/52 MP: 9/22
  7806 | D:7      | Found a runed translucent gate.
  7806 | D:7      | Found a runed translucent gate.
  7806 | D:7      | Found a runed translucent gate.
  7807 | D:7      | Noticed dxb338's ghost (novice FeSh)
  7872 | D:7      | Found Host's Antique Armour Shoppe.
  8452 | D:7      | Identified a scroll of acquirement
  8662 | D:8      | Found a flagged portal.
  8702 | D:8      | Acquired the ring "Bizxurif" {Fly AC+4 Str+7 Dex-2 SInv}
  8707 | Bailey   | Entered a bailey
  8778 | Bailey   | Reached skill level 5 in Fighting
  8810 | Bailey   | Gained mutation: You are frail. (-10% HP) [potion of
                  | mutation]
  8810 | Bailey   | Gained mutation: You passively map a small area around you.
                  | [potion of mutation]
  8810 | Bailey   | Gained mutation: Your spells are a little harder to cast,
                  | but a little more powerful. [potion of mutation]
  9112 | Bailey   | Reached XP level 10. HP: 43/53 MP: 16/25
  9180 | Bailey   | Noticed a vault guard
  9186 | Bailey   | Noticed Prince Ribbit
  9186 | Bailey   | Noticed a vault guard
  9212 | Bailey   | Killed Prince Ribbit
  9467 | Bailey   | Killed a vault guard
  9468 | Bailey   | Reached skill level 5 in Translocations
  9747 | Bailey   | Killed a vault guard
  9748 | Bailey   | Reached skill level 10 in Spellcasting
 10220 | D:8      | Noticed Erica
 10230 | D:8      | Killed Erica
 10373 | D:8      | Found a radiant altar of Vehumet.
 10379 | D:8      | Became a worshipper of Vehumet
 11702 | D:9      | Noticed a two-headed ogre
 11707 | D:9      | Reached XP level 11. HP: 59/59 MP: 16/27
 11862 | D:9      | Reached * piety under Vehumet
 11862 | D:9      | Offered knowledge of Sandblast by Vehumet.
 12022 | D:9      | Reached skill level 10 in Conjurations
 12279 | D:9      | Found a runed translucent door.
 12279 | D:9      | Noticed Newt's ghost (novice DsGl)
 12415 | D:9      | Killed a two-headed ogre
 12710 | D:9      | Identified the +11 hand axe of Tartarus {vamp, rElec Str-3
                  | Int+3}
 12817 | D:10     | Entered Level 10 of the Dungeon
 13415 | D:10     | Found a staircase to the Lair.
 14289 | D:10     | Upgraded the game from 0.31-a0-564-g3b7de120b3 to
                  | 0.31-a0-574-g69dc8cc98e
 14399 | D:5      | Bought an amulet of magic regeneration for 390 gold pieces
 14736 | D:11     | Noticed a boulder beetle
 14897 | D:11     | Identified the +5 battleaxe "Jehet" {freeze, rF++}
 15168 | D:11     | Noticed a red ugly thing
 15212 | Lair:1   | Entered Level 1 of the Lair of Beasts
 16118 | Lair:1   | Offered knowledge of Freeze by Vehumet.
 16152 | Lair:1   | Reached ** piety under Vehumet
 16167 | Lair:1   | Reached XP level 12. HP: 50/65 MP: 18/30
 16636 | Lair:2   | Noticed an eight-headed hydra
 16644 | Lair:2   | Killed an eight-headed hydra
 17908 | Lair:3   | Noticed a death yak
 18308 | Lair:3   | Found a runed translucent gate.
 18308 | Lair:3   | Found a runed translucent gate.
 18308 | Lair:3   | Found a runed translucent gate.
 18316 | Lair:3   | Offered knowledge of Inner Flame by Vehumet.
 18340 | Lair:3   | Found a staircase to the Swamp.
 18506 | Lair:3   | Reached skill level 1 in Fire Magic
 18506 | Lair:3   | Reached skill level 1 in Earth Magic
 18600 | Lair:3   | Reached *** piety under Vehumet
 18682 | Lair:3   | Noticed an eight-headed hydra
 18685 | Lair:3   | Noticed Ofeo's ghost (journeyman SpHu)
 18711 | Lair:3   | Found a staircase to the Snake Pit.
 18749 | Lair:3   | Reached skill level 10 in Stealth
 18829 | Lair:3   | Learned a level 5 spell: Fireball
 19160 | Lair:3   | Offered knowledge of Hailstorm by Vehumet.
 19341 | Lair:4   | Reached XP level 13. HP: 41/72 MP: 6/32
 19773 | Lair:4   | Reached **** piety under Vehumet
 19872 | Lair:4   | Offered knowledge of Ignite Poison by Vehumet.
 20044 | Lair:4   | Acquired a staff of fire
 20062 | Lair:4   | Reached skill level 10 in Dodging
 20514 | Lair:4   | Found a staircase to the Slime Pits.
 20736 | Lair:5   | Entered Level 5 of the Lair of Beasts
 21275 | Lair:5   | Reached ***** piety under Vehumet
 21321 | Lair:5   | Reached skill level 15 in Spellcasting
 21324 | Lair:5   | Offered knowledge of Flame Wave by Vehumet.
 21746 | Lair:5   | Reached XP level 14. HP: 78/78 MP: 29/35
 21795 | Lair:5   | Found a corrupted altar of Lugonu.
 21797 | Lair:5   | Found a one-way gate to the infinite horrors of the Abyss.
 22377 | Lair:5   | Found a burning altar of Makhleb.
 22383 | Lair:5   | Found a gateway to Hell.
 22651 | Lair:5   | Upgraded the game from 0.31-a0-574-g69dc8cc98e to
                  | 0.31-a0-636-ge1c0e020e0
 22697 | Lair:5   | Lost mutation: You are frail. (-10% HP) [potion of
                  | mutation]
 22697 | Lair:5   | Lost mutation: You passively map a small area around you.
                  | [potion of mutation]
 22697 | Lair:5   | Lost mutation: Your spells are a little harder to cast, but
                  | a little more powerful. [potion of mutation]
 22697 | Lair:5   | Gained mutation: You sometimes lose your temper in combat.
                  | [potion of mutation]
 22697 | Lair:5   | Gained mutation: You are dopey. (Int -2) [potion of
                  | mutation]
 22697 | Lair:5   | Gained mutation: You have a pair of small horns on your
                  | head. [potion of mutation]
 22697 | Lair:5   | Lost mutation: You are dopey. (Int -2) [potion of mutation]
 22723 | Lair:5   | Lost mutation: You have a pair of small horns on your head.
                  | [potion of mutation]
 22723 | Lair:5   | Lost mutation: You sometimes lose your temper in combat.
                  | [potion of mutation]
 22723 | Lair:5   | Gained mutation: You are partially covered in iridescent
                  | scales. (AC +2) [potion of mutation]
 22892 | D:5      | Bought a ring of magical power for 260 gold pieces
 23085 | D:11     | Found a shimmering altar of Xom.
 23088 | D:11     | Found a staircase to the Orcish Mines.
 23095 | D:11     | Reached skill level 10 in Fighting
 23275 | D:11     | Found a transporter.
 23276 | D:11     | Found a transporter.
 23276 | D:11     | Noticed Yfri's ghost (journeyman GnAr)
 23276 | D:11     | Identified the +5 dire flail of Sasuil {pain, *Corrode Fly
                  | rPois rC+}
 23347 | D:11     | Noticed Sonja
 23349 | D:11     | Killed Sonja
 23374 | D:11     | Identified the +11 falchion of Vusumowa {heavy, +Blink}
 23659 | D:12     | Found Filujol's Weapon Emporium.
 23906 | Lair:3   | Reached skill level 1 in Armour
 23912 | Lair:3   | Reached skill level 5 in Fire Magic
 23949 | Lair:3   | Killed Ofeo's ghost
 24078 | Lair:3   | Identified the amulet of Ruppaxki {Regen+ Int+3}
 24252 | D:12     | Noticed Erolcha
 24261 | D:12     | Killed Erolcha
 24262 | D:12     | Reached skill level 5 in Earth Magic
 24384 | D:12     | Noticed Snorg
 24392 | D:12     | Killed Snorg
 25006 | D:13     | Offered knowledge of Starburst by Vehumet.
 25165 | D:13     | Found a gate leading to a gauntlet.
 25189 | Gauntlet | Entered a Gauntlet
 25189 | Gauntlet | Found a transporter.
 25189 | Gauntlet | Found a transporter.
 25193 | Gauntlet | Found a transporter.
 25193 | Gauntlet | Found a transporter.
 25203 | Gauntlet | Found a transporter.
 25214 | Gauntlet | Found a transporter.
 25219 | Gauntlet | Found the amulet of Vitality {RegenMP++ Regen++}
 25220 | Gauntlet | Found a transporter.
 25220 | Gauntlet | Found a transporter.
 25221 | Gauntlet | Found the +5 robe of Night {Dark Will+ SInv}
 25227 | Gauntlet | Found a transporter.
 25256 | Gauntlet | Found a transporter.
 25263 | Gauntlet | Found a transporter.
 25283 | Gauntlet | Found a transporter.
 25317 | Gauntlet | Found a transporter.
 25331 | Gauntlet | Found a transporter.
 25432 | Gauntlet | Found a transporter.
 25448 | Gauntlet | Found a transporter.
 25813 | Gauntlet | Identified the +1 helmet "Myelaq" {rCorr}
 26479 | D:13     | Reached XP level 15. HP: 93/93 MP: 37/37
 26771 | D:13     | Found a gate to the Vaults.
 27162 | D:14     | Found a transporter.
 27166 | D:14     | Noticed Yrhif's ghost (journeyman FeCK)
 27167 | D:14     | Found a transporter.
 27766 | D:14     | Killed Yrhif's ghost
 27829 | D:14     | Learned a level 7 spell: Spellforged Servitor
 27838 | D:14     | Learned a level 8 spell: Lehudib's Crystal Spear
 27867 | D:15     | Entered Level 15 of the Dungeon
 27948 | D:15     | Reached skill level 1 in Summonings
 28023 | D:15     | Found a staircase to the Depths.
 28376 | D:15     | Offered knowledge of Ozocubu's Refrigeration by Vehumet.
 28974 | Lair:1   | Upgraded the game from 0.31-a0-636-ge1c0e020e0 to
                  | 0.31-a0-640-g39d97e502b
 29040 | Swamp:1  | Entered Level 1 of the Swamp
 29052 | Swamp:1  | Reached skill level 15 in Conjurations
 29924 | Swamp:2  | Found a transporter.
 29926 | Swamp:2  | Noticed a tentacled monstrosity
 29927 | Swamp:2  | Found a transporter.
 29927 | Swamp:2  | Noticed a tentacled monstrosity
 29927 | Swamp:2  | Noticed Goxon Jio's ghost (adept MfGl)
 29930 | Swamp:2  | Noticed a tentacled monstrosity
 30053 | Swamp:2  | Reached XP level 16. HP: 100/100 MP: 33/39
 30346 | Swamp:3  | Found a bloodstained altar of Trog.
 30346 | Swamp:3  | Found a runed translucent door.
 30347 | Swamp:3  | Noticed knightboat's ghost (adept TeAE)
 30816 | Swamp:4  | Entered Level 4 of the Swamp
 30995 | Swamp:4  | Noticed Roxanne
 31007 | Swamp:4  | Killed Roxanne
 31137 | Swamp:4  | Noticed Louise
 31141 | Swamp:4  | Killed Louise
 31174 | Swamp:4  | Reached skill level 5 in Summonings
 31540 | Swamp:4  | Noticed the 27-headed Lernaean hydra
 31635 | Swamp:4  | Killed the 27-headed Lernaean hydra
 31668 | Swamp:4  | Got a decaying rune of Zot
 32210 | D:11     | Killed Yfri's ghost
 32383 | Snake:1  | Entered Level 1 of the Snake Pit
 32471 | Snake:1  | Found Asihuk's Weapon Boutique.
 32482 | Snake:1  | Found Zieczir's Book Boutique.
 32682 | Snake:1  | Found a runed translucent door.
 32685 | Snake:1  | Noticed Ruet's ghost (adept AtFi)
 32693 | Snake:1  | Killed Ruet's ghost
 33663 | Snake:2  | Noticed Aizul
 33702 | Snake:2  | Noticed Mlioglotl
 33707 | Snake:2  | Killed Mlioglotl
 33751 | Snake:2  | Found Boental's Armour Shop.
 33883 | Snake:2  | Found a blossoming altar of Fedhas.
 33890 | Snake:2  | Reached ****** piety under Vehumet
 33890 | Snake:2  | Offered knowledge of Irradiate by Vehumet.
 33982 | Snake:2  | Reached XP level 17. HP: 106/106 MP: 8/41
 34176 | Snake:2  | Killed Aizul
 34538 | Snake:3  | Reached skill level 5 in Armour
 34612 | Snake:3  | Found an ornate altar of the Wu Jian Council.
 34699 | Snake:3  | Noticed Vashnia
 34805 | Snake:3  | Killed Vashnia
 35396 | Snake:3  | Found a runed translucent gate.
 35396 | Snake:3  | Found a runed translucent gate.
 35396 | Snake:3  | Found a runed translucent gate.
 35482 | Snake:4  | Entered Level 4 of the Snake Pit
 35529 | Snake:4  | Offered knowledge of Arcjolt by Vehumet.
 35576 | Snake:4  | Identified the +0 cloak "Gunis" {Int+3}
 36300 | Snake:4  | Noticed a quicksilver dragon
 36318 | Snake:4  | Killed a quicksilver dragon
 36626 | Snake:4  | Got a serpentine rune of Zot
 37042 | D:9      | Killed Newt's ghost
 37175 | Swamp:3  | Killed knightboat's ghost
 37662 | D:7      | Killed dxb338's ghost
 37871 | Snake:3  | Reached XP level 18. HP: 108/113 MP: 43/43
 38187 | Slime:1  | Entered Level 1 of the Pits of Slime
 38515 | Slime:2  | Offered knowledge of Yara's Violent Unravelling by Vehumet.
 39201 | Slime:3  | Found a viscous altar of Jiyva.
 39316 | Slime:3  | You are sucked into a shaft and drop 1 floor!
 39661 | Slime:1  | Gained mutation: Your spells are a little easier to cast,
                  | but a little less powerful. [a shining eye]
 40899 | Orc:1    | Entered Level 1 of the Orcish Mines
 41294 | Orc:1    | Found Imaal's CLEARANCE SALE!.
 41298 | Orc:1    | Bought a potion of mutation for 24 gold pieces
 41564 | Orc:2    | Entered Level 2 of the Orcish Mines
 41575 | Orc:2    | Offered knowledge of Plasma Beam by Vehumet.
 41648 | Orc:2    | Noticed Saint Roka
 41707 | Orc:2    | Killed Saint Roka
 41859 | Orc:2    | Found a staircase to the Elven Halls.
 41924 | Orc:2    | Found Tinux's Antique Weapon Shop.
 41933 | Orc:2    | Found Unotzaa's Jewellery Shop.
 41936 | Orc:2    | Found Axusej's Antique Armour Shop.
 42062 | Orc:2    | Found Taegus's Armour Shoppe.
 42358 | Orc:2    | Found Cialar's General Store.
 42780 | Orc:1    | Found Diehuff's Assorted Antiques.
 43022 | Orc:2    | Bought the ring of Usarei {rElec Int+6 Dex+4 Stlth+} for
                  | 734 gold pieces
 43040 | Orc:2    | Bought a pair of runed boots for 172 gold pieces
 43334 | D:2      | Learned a level 4 spell: Passage of Golubria
 43436 | D:2      | Learned a level 7 spell: Orb of Destruction
 44987 | Elf:1    | Entered Level 1 of the Elven Halls
 45228 | Elf:1    | Offered knowledge of Fire Storm by Vehumet.
 45228 | Elf:1    | Offered knowledge of Chain Lightning by Vehumet.
 45228 | Elf:1    | Offered knowledge of Polar Vortex by Vehumet.
 45234 | Elf:1    | Reached skill level 10 in Fire Magic
 45235 | Elf:1    | Reached skill level 10 in Summonings
 45257 | Elf:1    | Learned a level 9 spell: Fire Storm
 45278 | Elf:1    | Reached XP level 19. HP: 120/120 MP: 23/45
 45442 | Elf:1    | Got Plog's Monograph on Assembled Bombardment
 45705 | Elf:1    | Paralysed by an air elemental for 1 turns
 46147 | Elf:2    | Found a runed translucent gate.
 46148 | Elf:2    | Found a runed translucent gate.
 46148 | Elf:2    | Found a runed translucent gate.
 46193 | Elf:2    | Found Feost's Weapon Emporium.
 46235 | Elf:2    | Paralysed by an air elemental for 1 turns
 46241 | Elf:2    | Paralysed by an air elemental for 1 turns
 46255 | Elf:2    | Identified the +1 pair of gloves of Zuadiga {rPois Stlth+}
 47031 | Elf:3    | Entered Level 3 of the Elven Halls
 47451 | Elf:3    | Identified the +0 war axe "Peonki" {elec, rC+ Dex+3}
 47555 | Elf:3    | Identified the +11 trident "Ehyff" {protect, Int+4 Dex+2}
 47673 | Elf:3    | Identified the ring of Ethics {Will+ Dex+4}
 47692 | Elf:3    | Identified the +8 dagger "Ufiujij" {antimagic, rElec}
 49006 | Elf:3    | Identified the +0 fire dragon scales of Courage {rF++ rC-
                  | rN+ Str+7 Int-3}
 49012 | Elf:3    | Identified the staff of the Living Dead {rF+ Will+ Fire}
 49014 | Elf:3    | Identified the staff "Myhouzeu" {rElec Will+ Int+3 Air}
 49017 | Elf:3    | Identified the +2 scale mail of Lioquboj {-Tele Harm rN+
                  | Str+4}
 49020 | Elf:3    | Identified the +0 cloak "Vaofeceg" {Int+5}
 49022 | Elf:3    | Identified the +2 robe of the Oni {+Inv rF+}
 49316 | Vaults:1 | Entered Level 1 of the Vaults
 49336 | Vaults:1 | Reached skill level 1 in Shields
 49425 | Vaults:1 | Noticed Norris
 49429 | Vaults:1 | Reached XP level 20. HP: 127/127 MP: 36/47
 49431 | Vaults:1 | Killed Norris
 49700 | Vaults:1 | Identified the +0 ring mail of Spite {rElec rN++}
 50055 | Vaults:1 | Reached skill level 15 in Dodging
 51069 | Vaults:2 | Reached skill level 5 in Shields
 51399 | Vaults:2 | Identified the ring "Zuhahef" {rElec rCorr Str+6 Dex-3}
 51422 | Vaults:2 | Identified the +12 hand axe "Elexkot" {antimagic, +Blink}
 51488 | Vaults:2 | Identified the +3 dagger of the Burning Gods {speed, rC+}
 52761 | Vaults:3 | Reached XP level 21. HP: 132/132 MP: 45/48
 52791 | Vaults:3 | Found a radiant altar of Vehumet.
 52791 | Vaults:3 | Found the +4 robe of Folly {Brill Will-∞ Int+8}
 52811 | Vaults:3 | Identified the +2 hat "Tuzu" {rCorr Str+2}
 52837 | Vaults:3 | Learned a level 5 spell: Iskenderun's Battlesphere
 52838 | Vaults:3 | Identified the +0 robe "Vaefepos" {Stlth+}
 53507 | Vaults:3 | Found a staircase to the Crypt.
 53721 | Vaults:3 | Upgraded the game from 0.31-a0-640-g39d97e502b to
                  | 0.31-a0-654-gbe3e110b4e
 53883 | Vaults:4 | Found Xalokam's Armour Shop.
 53988 | Vaults:4 | Found a magical portal.
 54019 | WizLab   | Entered Eringya's Formal Garden
 54464 | WizLab   | Found a blossoming altar of Fedhas.
 54942 | Vaults:4 | Reached skill level 15 in Fighting
 56496 | Depths:1 | Entered Level 1 of the Depths
 56685 | Depths:1 | Found an iron altar of Okawaru.
 56884 | Depths:1 | Reached XP level 22. HP: 140/140 MP: 31/50
 56884 | Depths:1 | Noticed Sojobo
 56887 | Depths:1 | Killed Sojobo
 56986 | Depths:1 | Noticed the Enchantress
 56994 | Depths:1 | Killed the Enchantress
 57084 | Depths:1 | Reached skill level 10 in Shields
 57366 | Depths:1 | Found Siaqibat's Armour Shoppe.
 57515 | Depths:1 | Reached skill level 15 in Fire Magic
 57615 | Depths:1 | Found a one-way gateway to a ziggurat.
 57756 | Depths:2 | Noticed a dread lich
 57759 | Depths:2 | Killed a dread lich
 57873 | Depths:2 | Found a transporter.
 57878 | Depths:2 | Found a transporter.
 57880 | Depths:2 | Found a viscous altar of Jiyva.
 58024 | Depths:2 | Found a shimmering blue altar of Sif Muna.
 58049 | Depths:2 | Found Myoheruj's Distillery.
 58064 | Depths:2 | Bought a potion of lignification for 63 gold pieces
 58064 | Depths:2 | Bought a potion of lignification for 63 gold pieces
 58227 | Depths:2 | Found a one-way gate leading to the halls of Pandemonium.
 59130 | Depths:3 | Noticed a juggernaut
 59137 | Depths:3 | Killed a juggernaut
 59636 | Depths:3 | Reached XP level 23. HP: 134/144 MP: 39/51
 59861 | Depths:3 | Found a corrupted altar of Lugonu.
 60062 | Depths:3 | Identified the +4 chain mail "Iriwun" {Harm Rampage MP-9
                  | Dex+4}
 60252 | Depths:3 | Upgraded the game from 0.31-a0-654-gbe3e110b4e to
                  | 0.31-a0-656-gb4d89c20fa
 60277 | Depths:4 | Entered Level 4 of the Depths
 60565 | Depths:4 | Found a gate to the Realm of Zot.
 61216 | Depths:4 | Found Yblek's Tiny Tomes.
 61694 | Slime:5  | Entered Level 5 of the Pits of Slime
 61732 | Slime:5  | Noticed the Royal Jelly
 61769 | Slime:5  | Killed the Royal Jelly
 61861 | Slime:5  | Identified the +2 pair of boots of Vuxesuw {Dex+2}
 61919 | Slime:5  | Identified the +10 war axe of Ihobb {flame, rF+ rN+}
 61940 | Slime:5  | Identified the +5 flail "Orb Guardian's Curse" {freeze,
                  | Fragile rElec Will+ Str+3}
 61955 | Slime:5  | Identified the +0 pair of boots "Onyogess" {Str+3 Int+4}
 61988 | Slime:5  | Got the Essays on Places
 62031 | Slime:5  | Identified the +11 whip of Accord {freeze, rElec Str+3
                  | Int+4}
 62055 | Slime:5  | Got a slimy rune of Zot
 62932 | Hell     | Entered the Vestibule of Hell
 62932 | Hell     | Noticed Geryon
 62939 | Hell     | Killed Geryon
 63246 | Hell     | Found a gateway to the decaying netherworld of Tartarus.
 63278 | Hell     | Found a gateway to the ashen valley of Gehenna.
 63443 | Hell     | Found a gateway to the Iron City of Dis.
 63514 | Hell     | Reached XP level 24. HP: 151/151 MP: 32/51
 63565 | Hell     | Found a gateway to the freezing wastes of Cocytus.
 63649 | Geh:1    | Entered Level 1 of Gehenna
 64547 | Swamp:2  | Killed Goxon Jio's ghost
 64873 | Crypt:1  | Entered Level 1 of the Crypt
 65025 | Crypt:1  | Identified the +6 scale mail "Jigh" {rElec rPois Will-
                  | rCorr}
 66019 | Crypt:2  | Identified the staff of Thoughtfulness {rElec MP+9 Int+3
                  | SInv Air}
 66653 | Crypt:3  | Entered Level 3 of the Crypt
 66734 | Crypt:3  | Found a basalt altar of Yredelemnul.
 66742 | Crypt:3  | Got the Parchment of Gloom
 67167 | Crypt:3  | Found a staircase to the Tomb.
 67511 | Crypt:3  | Noticed Jory
 67514 | Crypt:3  | Killed Jory
 67696 | Crypt:3  | Found an ancient bone altar of Kikubaaqudgha.
 67714 | Crypt:3  | Got the Spellbook of Befouled Moulding
 67940 | Crypt:3  | Identified the ring "Inwew" {rElec rF+ rN+ SInv}
 67940 | Crypt:3  | Identified the ring "Netes" {rElec rC+ rN+}
 67940 | Crypt:3  | Identified the ring of Oschio {rN+ Int-5 Dex+5}
 68457 | Crypt:3  | Upgraded the game from 0.31-a0-656-gb4d89c20fa to
                  | 0.31-a0-675-g238779eb0a
 69732 | Coc:1    | Entered Level 1 of Cocytus
 69898 | Coc:2    | Reached XP level 25. HP: 157/157 MP: 49/52
 70088 | Coc:3    | Noticed an ancient lich
 70092 | Coc:3    | Noticed a shard shrike
 70092 | Coc:3    | Noticed a shard shrike
 70092 | Coc:3    | Noticed a shard shrike
 70093 | Coc:3    | Killed an ancient lich
 70093 | Coc:3    | Noticed a shard shrike
 70096 | Coc:3    | Killed a shard shrike
 70096 | Coc:3    | Killed a shard shrike
 70097 | Coc:3    | Reached skill level 10 in Armour
 70101 | Coc:3    | Killed a shard shrike
 70205 | Hell     | Killed a shard shrike
 71843 | Tar:1    | Entered Level 1 of Tartarus
 72618 | Hell     | Lost mutation: Your spells are a little easier to cast, but
                  | a little less powerful. [potion of mutation]
 72618 | Hell     | Lost mutation: You are partially covered in iridescent
                  | scales. (AC +2) [potion of mutation]
 72618 | Hell     | Gained mutation: You occasionally lose the ability to read
                  | scrolls when taking damage. [potion of mutation]
 72618 | Hell     | Gained mutation: You have a beak for a mouth. [potion of
                  | mutation]
 72618 | Hell     | Gained mutation: You are strong-willed. (Will+) [potion of
                  | mutation]
 72619 | Hell     | Lost mutation: You have a beak for a mouth. [potion of
                  | mutation]
 72619 | Hell     | Lost mutation: You occasionally lose the ability to read
                  | scrolls when taking damage. [potion of mutation]
 72619 | Hell     | Lost mutation: You are strong-willed. (Will+) [potion of
                  | mutation]
 72619 | Hell     | Gained mutation: Your movements are slightly less
                  | encumbered by armour. (ER -2) [potion of mutation]
 72656 | Hell     | Upgraded the game from 0.31-a0-675-g238779eb0a to
                  | 0.31-a0-691-g409c26aa35
 72752 | Dis:1    | Entered Level 1 of the Iron City of Dis
 74522 | Lair:5   | Voluntarily entered the Abyss.
 74691 | Lair:5   | Escaped the Abyss
 74736 | Lair:5   | Voluntarily entered the Abyss.
 74913 | Abyss:1  | Noticed a dread lich
 74915 | Abyss:1  | Killed a dread lich
 75445 | Lair:5   | Escaped the Abyss
 75773 | Lair:5   | Voluntarily entered the Abyss.
 76814 | Abyss:1  | Reached XP level 26. HP: 166/166 MP: 35/53
 77187 | Abyss:1  | Upgraded the game from 0.31-a0-691-g409c26aa35 to
                  | 0.31-a0-700-gf13585253f
 77546 | Abyss:2  | Noticed an ancient lich
 77552 | Abyss:2  | Killed an ancient lich
 77583 | Lair:5   | Escaped the Abyss
 77620 | Lair:5   | Voluntarily entered the Abyss.
 77825 | Abyss:2  | Found a blossoming altar of Fedhas.
 79011 | Abyss:2  | Found a corrupted altar of Lugonu.
 79761 | Abyss:2  | Upgraded the game from 0.31-a0-700-gf13585253f to
                  | 0.31-a0-703-gcfe89afef6
 79957 | Abyss:2  | Found a corrupted altar of Lugonu.
 80017 | Abyss:2  | Reached XP level 27. HP: 175/175 MP: 43/53
 80092 | Lair:5   | Escaped the Abyss
 80606 | Geh:1    | Found a burning altar of Makhleb.
 80750 | Geh:2    | Noticed a juggernaut
 80754 | Geh:2    | Killed a juggernaut
 80834 | Geh:2    | Noticed a juggernaut
 80841 | Geh:2    | Killed a juggernaut
 80912 | Geh:2    | Noticed a juggernaut
 80913 | Geh:2    | Noticed a juggernaut
 80936 | Geh:2    | Killed a juggernaut
 80936 | Geh:2    | Killed a juggernaut
 81422 | Geh:3    | Noticed a dread lich
 81423 | Geh:3    | Killed a dread lich
 84001 | Lair:5   | Voluntarily entered the Abyss.
 84301 | Abyss:2  | Found a corrupted altar of Lugonu.
 84306 | Abyss:2  | Reached skill level 27 in Fire Magic
 84319 | Abyss:2  | Found a corrupted altar of Lugonu.
 85016 | Lair:5   | Escaped the Abyss
 85047 | Lair:5   | Voluntarily entered the Abyss.
 85118 | Abyss:3  | Found a corrupted altar of Lugonu.
 85456 | Abyss:3  | Got an abyssal rune of Zot
 85638 | Lair:5   | Escaped the Abyss
 85897 | Geh:7    | Entered Level 7 of Gehenna
 86038 | Geh:7    | Noticed the Serpent of Hell
 86053 | Geh:7    | Killed the Serpent of Hell
 87662 | Geh:7    | Found the +13 sceptre of Asmodeus
 87662 | Geh:7    | Noticed Asmodeus
 87691 | Geh:7    | Killed Asmodeus
 87829 | Geh:7    | Got an obsidian rune of Zot
 87911 | Geh:7    | Reached skill level 27 in Conjurations
 88321 | Hell     | Upgraded the game from 0.31-a0-703-gcfe89afef6 to
                  | 0.31-a0-705-ga145531891
 88383 | Lair:5   | Voluntarily entered the Abyss.
 88385 | Abyss:3  | Found a corrupted altar of Lugonu.
 88445 | Lair:5   | Escaped the Abyss
 88500 | Lair:5   | Voluntarily entered the Abyss.
 89057 | Lair:5   | Escaped the Abyss
 89112 | Lair:5   | Voluntarily entered the Abyss.
 89120 | Abyss:3  | Found a corrupted altar of Lugonu.
 89166 | Abyss:3  | Found a corrupted altar of Lugonu.
 89198 | Abyss:3  | Noticed an ancient lich
 89202 | Abyss:3  | Killed an ancient lich
 89246 | Abyss:3  | Found a corrupted altar of Lugonu.
 89333 | Abyss:3  | Noticed an ancient lich
 89335 | Abyss:3  | Killed an ancient lich
 89336 | Abyss:3  | Reached skill level 27 in Spellcasting
 89389 | Lair:5   | Escaped the Abyss
 89435 | Lair:5   | Voluntarily entered the Abyss.
 89531 | Lair:5   | Escaped the Abyss
 89581 | Lair:5   | Voluntarily entered the Abyss.
 89806 | Abyss:3  | Reached skill level 15 in Summonings
 90039 | Lair:5   | Escaped the Abyss
 90088 | Lair:5   | Learned a level 9 spell: Dragon's Call
 90091 | Lair:5   | Voluntarily entered the Abyss.
 90221 | Lair:5   | Escaped the Abyss
 90268 | Lair:5   | Voluntarily entered the Abyss.
 90677 | Lair:5   | Escaped the Abyss
 90722 | Lair:5   | Voluntarily entered the Abyss.
 90830 | Lair:5   | Escaped the Abyss
 90873 | Lair:5   | Voluntarily entered the Abyss.
 91050 | Lair:5   | Escaped the Abyss
 91091 | Lair:5   | Voluntarily entered the Abyss.
 91401 | Lair:5   | Escaped the Abyss
 91443 | Lair:5   | Voluntarily entered the Abyss.
 91607 | Abyss:3  | Noticed a dread lich
 91610 | Abyss:3  | Killed a dread lich
 91786 | Lair:5   | Escaped the Abyss
 91832 | Lair:5   | Voluntarily entered the Abyss.
 92007 | Lair:5   | Escaped the Abyss
 92055 | Lair:5   | Voluntarily entered the Abyss.
 92135 | Lair:5   | Escaped the Abyss
 92181 | Lair:5   | Voluntarily entered the Abyss.
 92328 | Abyss:3  | Found a corrupted altar of Lugonu.
 92401 | Lair:5   | Escaped the Abyss
 92442 | Lair:5   | Voluntarily entered the Abyss.
 92442 | Abyss:3  | Found a corrupted altar of Lugonu.
 92700 | Lair:5   | Escaped the Abyss
 92743 | Lair:5   | Voluntarily entered the Abyss.
 92966 | Lair:5   | Escaped the Abyss
 93007 | Lair:5   | Voluntarily entered the Abyss.
 95099 | Abyss:3  | Reached skill level 27 in Summonings
 95124 | Lair:5   | Escaped the Abyss
 95179 | Lair:5   | Voluntarily entered the Abyss.
 95230 | Lair:5   | Escaped the Abyss
 95708 | Vaults:5 | Entered Level 5 of the Vaults
 95708 | Vaults:5 | Noticed Margery
 95732 | Vaults:5 | Killed Margery
 95823 | Vaults:5 | Identified the +0 robe "Deilem" {Rampage rPois Str-5 Int+5}
 95956 | Vaults:5 | Noticed a dread lich
 95958 | Vaults:5 | Killed a dread lich
 95976 | Vaults:5 | Identified the ring "Duid Modd" {+Blink rN+ rCorr Dex+2
                  | SInv}
 95983 | Vaults:5 | Noticed an ancient lich
 95987 | Vaults:5 | Killed an ancient lich
 96016 | Vaults:5 | Noticed an ancient lich
 96024 | Vaults:5 | Killed an ancient lich
 96835 | Vaults:5 | Identified the +1 spear of Spontaneous Combustion {heavy,
                  | Drain rF+ rCorr}
 96971 | Vaults:5 | Noticed a dread lich
 96974 | Vaults:5 | Identified the +2 robe "Yniodag" {Contam +Blink Str-3
                  | Stlth+}
 96975 | Vaults:5 | Identified the amulet "Kozor" {Regen+ Str+4 Dex-5}
 96981 | Vaults:5 | Killed a dread lich
 97059 | Vaults:5 | Identified the +9 quarterstaff "Cijess" {pain, rElec rF+
                  | Str+2 Dex+3}
 97306 | Vaults:5 | Identified the amulet of Asson {Faith rF++ Str+5 Int-3}
 97377 | Vaults:5 | Noticed an ancient lich
 97383 | Vaults:5 | Killed an ancient lich
 97584 | Vaults:5 | Identified the ring "Anezasan" {+Blink rElec rPois}
 97748 | Vaults:5 | Identified the +0 pair of boots "Carip" {rN+++ Will++}
 97774 | Vaults:5 | Identified the staff "Buahepod" {+Blink Earth}
 97777 | Vaults:5 | Got Jenese's Precepts of Ectoplasm and Wounds
 98022 | Vaults:5 | Got a silver rune of Zot
 98094 | Vaults:5 | Upgraded the game from 0.31-a0-705-ga145531891 to
                  | 0.31-a0-716-gc7603755dd
 98977 | Coc:5    | Noticed an ancient lich
 98982 | Coc:5    | Killed an ancient lich
 98991 | Coc:5    | Reached skill level 15 in Shields
 99549 | Coc:7    | Entered Level 7 of Cocytus
100674 | Coc:7    | Noticed Antaeus
100707 | Coc:7    | Killed Antaeus
100777 | Coc:7    | Got an icy rune of Zot
101936 | Pan      | Entered Pandemonium
101986 | Pan      | Noticed Zeigevye the pandemonium lord
101989 | Pan      | Killed Zeigevye the pandemonium lord
102043 | Pan      | Noticed Ignacio
102051 | Pan      | Killed Ignacio
102139 | Pan      | Got a demonic rune of Zot
102253 | Pan      | Identified the +6 quarterstaff of Watchfulness {flame,
                  | *Rage rF+ rC+ SInv}
102598 | Pan      | Found an exit through the horrors of the Abyss.
103694 | Pan      | Noticed Yjyn the pandemonium lord
103701 | Pan      | Killed Yjyn the pandemonium lord
103821 | Pan      | Found an exit through the horrors of the Abyss.
104248 | Pan      | Entered the realm of Cerebov.
104967 | Pan      | Identified the +5 war axe of the Riding Gods {venom, rElec
                  | rPois rC- Dex+7}
104967 | Pan      | Found the +6 sword of Cerebov {flame}
104967 | Pan      | Noticed Cerebov
104995 | Pan      | Killed Cerebov
105092 | Pan      | Got the Anthology of Puissant Ashes
105116 | Pan      | Identified the +8 hand axe "Oleisat" {heavy, rPois rF-
                  | Str+7 Int-2}
105119 | Pan      | Identified the +2 pair of gloves "Muoliy Toav" {Harm rN+++
                  | Dex-2}
105136 | Pan      | Identified the +8 chain mail of Weisaimi {Int+7}
105154 | Pan      | Identified the ring of Paranoia {rF+ Str+3}
105173 | Pan      | Identified the +5 dagger "Gimuusas" {spect, *Noise rC+
                  | rCorr Str+4}
105203 | Pan      | Identified the +1 sling of Exoneration {antimagic, Str+3}
105205 | Pan      | Identified the +1 sling of Accidental Termination {freeze,
                  | Drain rElec Int+4}
105226 | Pan      | Got a fiery rune of Zot
106296 | Pan      | Noticed Qiewk the pandemonium lord
106298 | Pan      | Killed Qiewk the pandemonium lord
106658 | Pan      | Reached skill level 27 in Fighting
106701 | Pan      | Reached skill level 1 in Shapeshifting
107126 | Pan      | Found an exit through the horrors of the Abyss.
107296 | Pan      | Noticed Vatolum the pandemonium lord
107301 | Pan      | Killed Vatolum the pandemonium lord
107392 | Pan      | Reached skill level 5 in Shapeshifting
108711 | Pan      | Noticed Viaqif the pandemonium lord
108883 | Pan      | Killed Viaqif the pandemonium lord
109350 | Pan      | Found a runed translucent door.
109440 | Pan      | Noticed Zawnoasch the pandemonium lord
109494 | Pan      | Killed Zawnoasch the pandemonium lord
109542 | Pan      | Identified the +0 scale mail of Gravitas {Drain rF- rN+
                  | Dex+6}
109746 | Pan      | Found an exit through the horrors of the Abyss.
110023 | Pan      | Entered the realm of Lom Lobon.
110411 | Pan      | Reached skill level 10 in Shapeshifting
110716 | Pan      | Found an exit through the horrors of the Abyss.
111337 | Pan      | Noticed Lom Lobon
111702 | Pan      | Killed Lom Lobon
111794 | Pan      | Got a magical rune of Zot
112603 | Pan      | Entered the realm of Gloorx Vloq.
112608 | Pan      | Noticed Gloorx Vloq
112617 | Pan      | Killed Gloorx Vloq
112897 | Pan      | Got a dark rune of Zot
113363 | Pan      | Found an exit through the horrors of the Abyss.
114372 | Pan      | Noticed Meext the pandemonium lord
114379 | Pan      | Killed Meext the pandemonium lord
114501 | Pan      | Identified the +8 mace of Distant Shores {spect, Int+2}
114624 | Pan      | Reached skill level 15 in Armour
114801 | Pan      | Found an exit through the horrors of the Abyss.
114989 | Pan      | Upgraded the game from 0.31-a0-716-gc7603755dd to
                  | 0.31-a0-728-g01b46875f1
115220 | Pan      | Noticed Rolida the pandemonium lord
115239 | Pan      | Killed Rolida the pandemonium lord
115664 | Pan      | Found an exit through the horrors of the Abyss.
115717 | Pan      | Noticed Mennas
115731 | Pan      | Killed Mennas
115774 | Pan      | Noticed Micsim the pandemonium lord
115828 | Pan      | Killed Micsim the pandemonium lord
116065 | Pan      | Found an exit through the horrors of the Abyss.
117163 | Pan      | Found an exit through the horrors of the Abyss.
117175 | Pan      | Noticed Zoisk the pandemonium lord
117182 | Pan      | Killed Zoisk the pandemonium lord
118192 | Pan      | Entered the realm of Mnoleg.
119534 | Pan      | Noticed Mnoleg
119545 | Pan      | Killed Mnoleg
119706 | Pan      | Got a glowing rune of Zot
120520 | Pan      | Noticed Degymi the pandemonium lord
120523 | Pan      | Killed Degymi the pandemonium lord
120755 | Pan      | Found an exit through the horrors of the Abyss.
121508 | Pan      | Noticed Cyble the pandemonium lord
121511 | Pan      | Killed Cyble the pandemonium lord
121674 | Pan      | Got Budaf's Exposition on the Dose and the Shapeshifter
122262 | Pan      | Found an exit through the horrors of the Abyss.
122525 | Depths:2 | Escaped Pandemonium
122706 | Depths:2 | Identified the amulet "Hijos" {Spirit rN+ Str+5}
123992 | Pan      | Entered Pandemonium
124187 | Pan      | Found a transporter.
124222 | Pan      | Found an exit through the horrors of the Abyss.
124435 | Pan      | Found a transporter.
125132 | Pan      | Identified the ring "Xaigos" {Fire rPois Str+3}
125145 | Pan      | Identified the ring of the Salamander {Fire Fly rElec Int-4
                  | Stlth+}
125783 | Pan      | Identified the +8 quarterstaff of Righteous Fury
                  | {antimagic, Fly rC+ Int+2}
125842 | Pan      | Found a runed translucent door.
125940 | Pan      | Found an exit through the horrors of the Abyss.
126569 | Pan      | Noticed Sinoin the pandemonium lord
126572 | Pan      | Killed Sinoin the pandemonium lord
126809 | Pan      | Noticed Kegho the pandemonium lord
126829 | Pan      | Killed Kegho the pandemonium lord
126987 | Pan      | Found an exit through the horrors of the Abyss.
127500 | Depths:2 | Escaped Pandemonium
127601 | Depths:2 | Upgraded the game from 0.31-a0-728-g01b46875f1 to
                  | 0.31-a0-743-g45f7035092
127899 | Pan      | Entered Pandemonium
127905 | Pan      | Noticed Pyvoubi the pandemonium lord
127910 | Pan      | Killed Pyvoubi the pandemonium lord
128352 | Pan      | Found an exit through the horrors of the Abyss.
129232 | Pan      | Noticed Losy the pandemonium lord
129234 | Pan      | Killed Losy the pandemonium lord
129805 | Pan      | Got the Grimoire of Assistive Beguiling
129863 | Pan      | Found an exit through the horrors of the Abyss.
130017 | Depths:2 | Escaped Pandemonium
130151 | Tar:3    | Found a runed translucent door.
131152 | Tar:6    | Noticed an ancient lich
131154 | Tar:6    | Killed an ancient lich
131798 | Tar:7    | Entered Level 7 of Tartarus
132928 | Tar:7    | Reached skill level 27 in Armour
133637 | Tar:7    | Identified the amulet "Nafaef" {Acrobat rElec rC- rN+
                  | Int+4}
133637 | Tar:7    | Noticed Ereshkigal
133646 | Tar:7    | Paralysed by Ereshkigal for 2 turns
133656 | Tar:7    | Killed Ereshkigal
133770 | Tar:7    | Found the +5 moon troll leather armour {Spirit, Regen++
                  | MP+5}
133772 | Tar:7    | Got Zoafock's Guidebook on the Cure
133773 | Tar:7    | Identified the ring of Wishful Thinking {Ice rPois rN+
                  | Str+3 Dex+3}
133778 | Tar:7    | Identified the +10 rapier "Hell-Harrower" {heavy, rF+ Str+3
                  | Dex+3}
133781 | Tar:7    | Got a bone rune of Zot
134119 | Tar:7    | Identified the +3 dagger of the Freezing Priest {holy,
                  | Drain rCorr Int+6 Stlth+}
134611 | Hell     | Upgraded the game from 0.31-a0-743-g45f7035092 to
                  | 0.31-a0-744-gbc345e7fcb
135186 | Pan      | Entered Pandemonium
135376 | Pan      | Noticed Peesa the pandemonium lord
135742 | Pan      | Killed Peesa the pandemonium lord
136549 | Pan      | Found an exit through the horrors of the Abyss.
136957 | Pan      | Noticed Xeonomar the pandemonium lord
136961 | Pan      | Killed Xeonomar the pandemonium lord
137040 | Pan      | Identified the +0 chain mail "Vuyq Huk" {rPois Will+ Dex+3}
137045 | Pan      | Identified the +4 double sword of Wealth {flame, rF+ SInv}
137055 | Pan      | Identified the +8 long sword "Jellybane" {freeze, rF+}
137223 | Pan      | Took an exit into the Abyss.
137223 | Abyss:3  | Escaped into the Abyss
137267 | Depths:2 | Escaped the Abyss
137289 | Depths:2 | Upgraded the game from 0.31-a0-744-gbc345e7fcb to
                  | 0.31-a0-833-gc15d34cb79
137355 | Pan      | Entered Pandemonium
137569 | Pan      | Noticed Nuoschu the pandemonium lord
137571 | Pan      | Killed Nuoschu the pandemonium lord
137686 | Pan      | Found an exit through the horrors of the Abyss.
138522 | Depths:2 | Escaped Pandemonium
138880 | Pan      | Entered Pandemonium
139052 | Pan      | Identified the +1 rapier "Yssicib" {holy, Int+5}
139068 | Pan      | Noticed Kuwi the pandemonium lord
139070 | Pan      | Killed Kuwi the pandemonium lord
139598 | Pan      | Reached skill level 27 in Dodging
139937 | Pan      | Reached skill level 15 in Shapeshifting
140327 | Pan      | Noticed Vaif the pandemonium lord
140339 | Pan      | Killed Vaif the pandemonium lord
140396 | Pan      | Found an exit through the horrors of the Abyss.
140618 | Pan      | Identified the staff of Res Judicata {Int+3 Dex+4 Earth}
141125 | Pan      | Noticed Jaique the pandemonium lord
141128 | Pan      | Killed Jaique the pandemonium lord
141327 | Pan      | Found an exit through the horrors of the Abyss.
142185 | Pan      | Found an exit through the horrors of the Abyss.
142317 | Pan      | Noticed Veqoiwai the pandemonium lord
142328 | Pan      | Killed Veqoiwai the pandemonium lord
142787 | Pan      | Identified the +4 scimitar of the Ageing Oracle {speed,
                  | MP+9}
143327 | Pan      | Found an exit through the horrors of the Abyss.
143493 | Pan      | Found a runed translucent door.
143991 | Pan      | Noticed Feurph the pandemonium lord
144003 | Pan      | Killed Feurph the pandemonium lord
144163 | Pan      | Noticed Zekkacycw the pandemonium lord
144165 | Pan      | Killed Zekkacycw the pandemonium lord
144742 | Pan      | Found an exit through the horrors of the Abyss.
145107 | Pan      | Noticed Iguagevo the pandemonium lord
145114 | Pan      | Killed Iguagevo the pandemonium lord
146063 | Pan      | Noticed Himom the pandemonium lord
146067 | Pan      | Killed Himom the pandemonium lord
146816 | Pan      | Found an exit through the horrors of the Abyss.
147164 | Depths:2 | Escaped Pandemonium
147165 | Depths:2 | Upgraded the game from 0.31-a0-833-gc15d34cb79 to
                  | 0.31-a0-836-g3ceb0a68c4
147274 | Pan      | Entered Pandemonium
147680 | Pan      | Noticed Tuphanei the pandemonium lord
147683 | Pan      | Killed Tuphanei the pandemonium lord
147991 | Pan      | Found a runed translucent door.
148219 | Pan      | Found an exit through the horrors of the Abyss.
148983 | Pan      | Noticed Poiloi the pandemonium lord
148989 | Pan      | Killed Poiloi the pandemonium lord
150201 | Pan      | Noticed Goicysum the pandemonium lord
150211 | Pan      | Killed Goicysum the pandemonium lord
150374 | Pan      | Found an exit through the horrors of the Abyss.
151272 | Pan      | Noticed Doneil the pandemonium lord
151315 | Pan      | Killed Doneil the pandemonium lord
152488 | Pan      | Reached skill level 27 in Shapeshifting
152795 | Pan      | Identified the ring "Unugur" {rN+ Int+6}
152817 | Pan      | Identified the +2 scale mail of the Treeataur {Slay+2}
153505 | Pan      | Upgraded the game from 0.31-a0-836-g3ceb0a68c4 to
                  | 0.31-a0-844-gdc52ec4e09
153933 | Pan      | Found an exit through the horrors of the Abyss.
154347 | Pan      | Noticed Giurulem the pandemonium lord
154350 | Pan      | Killed Giurulem the pandemonium lord
155508 | Pan      | Found an opulent altar of Gozag.
155517 | Pan      | Found Biezesuh's Jewellery Shoppe.
155537 | Pan      | Noticed Biezesuh the pandemonium lord
155538 | Pan      | Killed Biezesuh the pandemonium lord
155546 | Pan      | Noticed a dread lich
155548 | Pan      | Killed a dread lich
155590 | Pan      | Found an opulent altar of Gozag.
155604 | Pan      | Found Biezesuh's Infernal Boutique.
155629 | Pan      | Found Biezesuh's Rarities Outlet.
155638 | Pan      | Found an opulent altar of Gozag.
155756 | Pan      | Identified the +10 war axe "Utteel" {antimagic, *Rage rPois
                  | rC++}
155924 | Pan      | Found an exit through the horrors of the Abyss.
156050 | Pan      | Found Biezesuh's Superb Hardware.
156605 | Pan      | Noticed Jyis the pandemonium lord
156608 | Pan      | Killed Jyis the pandemonium lord
157049 | Pan      | Found an exit through the horrors of the Abyss.
157936 | Pan      | Noticed Ilotsoori the pandemonium lord
157938 | Pan      | Killed Ilotsoori the pandemonium lord
158351 | Pan      | Got a peculiar book
158620 | Pan      | Noticed Paumu the pandemonium lord
158622 | Pan      | Killed Paumu the pandemonium lord
158865 | Pan      | Found an exit through the horrors of the Abyss.
159191 | Depths:2 | Escaped Pandemonium
159787 | Tomb:1   | Entered Level 1 of the Tomb of the Ancients
161272 | Pan      | Entered Pandemonium
161368 | Pan      | Noticed Jiame the pandemonium lord
161370 | Pan      | Killed Jiame the pandemonium lord
161499 | Pan      | Found an exit through the horrors of the Abyss.
162295 | Depths:2 | Escaped Pandemonium
162783 | Tomb:2   | Noticed a royal mummy
162789 | Tomb:2   | Noticed a royal mummy
162791 | Tomb:2   | Killed a royal mummy
162792 | Tomb:2   | Killed a royal mummy
162794 | Tomb:2   | Noticed a royal mummy
162796 | Tomb:2   | Killed a royal mummy
162806 | Tomb:2   | Noticed a royal mummy
162809 | Tomb:2   | Killed a royal mummy
162820 | Tomb:2   | Reached skill level 10 in Earth Magic
163383 | Tomb:1   | Noticed a royal mummy
163389 | Tomb:1   | Killed a royal mummy
163455 | Tomb:1   | Noticed a royal mummy
163457 | Tomb:1   | Killed a royal mummy
163474 | Tomb:1   | Noticed a royal mummy
163477 | Tomb:1   | Killed a royal mummy
163516 | Tomb:1   | Noticed a royal mummy
163520 | Tomb:1   | Killed a royal mummy
163543 | Tomb:1   | Noticed a royal mummy
163546 | Tomb:1   | Killed a royal mummy
163617 | Tomb:1   | Noticed a royal mummy
163622 | Tomb:1   | Killed a royal mummy
163632 | Tomb:1   | Noticed a royal mummy
163634 | Tomb:1   | Killed a royal mummy
163657 | Tomb:1   | Noticed a royal mummy
163659 | Tomb:1   | Killed a royal mummy
163674 | Tomb:1   | Noticed a royal mummy
163677 | Tomb:1   | Killed a royal mummy
163735 | Tomb:1   | Noticed a royal mummy
163737 | Tomb:1   | Killed a royal mummy
164144 | Tomb:3   | Entered Level 3 of the Tomb of the Ancients
164158 | Tomb:3   | Noticed a royal mummy
164158 | Tomb:3   | Noticed a royal mummy
164163 | Tomb:3   | Killed a royal mummy
164170 | Tomb:3   | Reached skill level 15 in Earth Magic
164171 | Tomb:3   | Noticed a royal mummy
164171 | Tomb:3   | Killed a royal mummy
164174 | Tomb:3   | Killed a royal mummy
164176 | Tomb:3   | Noticed a royal mummy
164185 | Tomb:3   | Killed a royal mummy
164192 | Tomb:3   | Noticed a royal mummy
164194 | Tomb:3   | Killed a royal mummy
164200 | Tomb:3   | Killed a royal mummy
164299 | Tomb:3   | Noticed a royal mummy
164301 | Tomb:3   | Killed a royal mummy
164418 | Tomb:3   | Noticed a royal mummy
164421 | Tomb:3   | Killed a royal mummy
164585 | Tomb:3   | Found the ring of the Tortoise {AC+8}
164598 | Tomb:3   | Identified the ring of Niro Deps {rN+ MP+9 Str+6 Dex-5}
164600 | Tomb:3   | Identified the +4 spear "Worm" {heavy, rElec rF+}
164601 | Tomb:3   | Identified the +0 scimitar "Ideriv" {flame, Drain Dex+5
                  | SInv Stlth-}
164643 | Tomb:3   | Identified the +5 trident of the Sky {heavy, +Blink rElec
                  | Str-2 SInv}
164644 | Tomb:3   | Identified the +2 cloak "Uxapymn" {rN+ Str+2}
164646 | Tomb:3   | Identified the ring of Volucurgh {rElec rC+ Slay+3}
164671 | Tomb:3   | Identified the amulet "Keselut" {RegenMP rC+}
164783 | Tomb:3   | Got a golden rune of Zot
165560 | Tomb:3   | Learned a level 9 spell: Shatter
166624 | Dis:2    | Noticed an ancient lich
166626 | Dis:2    | Killed an ancient lich
167011 | Dis:3    | Noticed an ancient lich
167013 | Dis:3    | Killed an ancient lich
167593 | Dis:5    | Noticed a dread lich
167595 | Dis:5    | Killed a dread lich
168511 | Dis:7    | Entered Level 7 of the Iron City of Dis
168941 | Dis:7    | Noticed a juggernaut
168944 | Dis:7    | Noticed a juggernaut
168948 | Dis:7    | Killed a juggernaut
168956 | Dis:7    | Killed a juggernaut
169706 | Dis:7    | Noticed a juggernaut
169708 | Dis:7    | Killed a juggernaut
169796 | Dis:7    | Identified the +7 mace "Giruq" {heavy, Drain rF+ Str+3}
170079 | Dis:7    | Noticed Dispater
170381 | Dis:7    | Killed Dispater
170442 | Dis:7    | Got an iron rune of Zot
170736 | Lair:1   | Upgraded the game from 0.31-a0-844-gdc52ec4e09 to
                  | 0.31-a0-845-g9abc20d24f
170969 | Zig:1    | Entered Level 1 of a ziggurat
171045 | Zig:2    | Entered Level 2 of a ziggurat
171045 | Zig:2    | Found the +8 Wrath of Trog {antimagic, *Rage Rampage}
171124 | Zig:3    | Entered Level 3 of a ziggurat
171146 | Zig:3    | Got a foxed book
171192 | Zig:4    | Entered Level 4 of a ziggurat
171234 | Zig:4    | Identified the +1 robe of Experimentation {rF+ Int+4}
171236 | Zig:4    | Identified the staff of Nightmares {rCorr Conj}
171239 | Zig:4    | Identified the +8 rapier of Callousness {spect, Contam
                  | +Blink rF+ Str+4}
171258 | Zig:5    | Entered Level 5 of a ziggurat
171310 | Zig:5    | Identified the +10 hand axe "Grum" {freeze, rF+ Str+2
                  | Stlth+}
171312 | Zig:5    | Identified the +6 great mace of World's End {heavy, Fragile
                  | rN+ Will++ rCorr}
171339 | Zig:6    | Entered Level 6 of a ziggurat
171439 | Zig:7    | Entered Level 7 of a ziggurat
171500 | Zig:7    | Identified the amulet of the Cricket {Acrobat Drain rElec
                  | rN+++ Dex-4}
171532 | Zig:8    | Entered Level 8 of a ziggurat
171729 | Zig:9    | Entered Level 9 of a ziggurat
171736 | Zig:9    | Noticed Noeni the pandemonium lord
171737 | Zig:9    | Killed Noeni the pandemonium lord
171776 | Zig:9    | Identified the staff of Instant Death {rN+ Will+++ Str+4
                  | Dex-2 Necro}
171818 | Zig:10   | Entered Level 10 of a ziggurat
171857 | Zig:10   | Identified the +4 chain mail "Fuhaam" {Will+ Str+3 Slay+3}
171860 | Zig:10   | Identified the +0 pair of gloves of Resourcefulness {Harm
                  | Rampage Slay+5 Stlth-}
171921 | Zig:11   | Entered Level 11 of a ziggurat
171990 | Zig:11   | Identified the ring "Uriomur" {rElec rN+ Stlth+}
171993 | Zig:11   | Identified the +3 scale mail "Xuoceexzah" {+Blink +Inv}
171995 | Zig:11   | Identified the +6 scimitar of Izupem {venom, rElec}
172035 | Zig:11   | Acquired a book of Fire
172039 | Zig:11   | Acquired an Everburning Encyclopedia
172052 | Zig:11   | Learned a level 8 spell: Ignition
172173 | Zig:12   | Entered Level 12 of a ziggurat
172204 | Zig:12   | Identified the ring "Tavol" {EV+5 Int+2}
172214 | Zig:12   | Identified the +2 cloak "Beluroe" {rPois rC+ Stlth+}
172242 | Zig:13   | Entered Level 13 of a ziggurat
172264 | Zig:13   | Found the ring of the Octopus King
172276 | Zig:13   | Identified a ring of the Octopus King {Fly HP+2 AC+2 EV+2
                  | SH+2}
172288 | Zig:13   | Got a loosely-bound book
172289 | Zig:13   | Identified the +0 plate armour "Weadamil" {rF+ Regen+}
172354 | Zig:14   | Entered Level 14 of a ziggurat
172364 | Zig:14   | Noticed a dread lich
172366 | Zig:14   | Noticed an ancient lich
172367 | Zig:14   | Killed a dread lich
172368 | Zig:14   | Killed an ancient lich
172372 | Zig:14   | Noticed a dread lich
172372 | Zig:14   | Killed a dread lich
172390 | Zig:14   | Found the +1 robe of Vines {NoPotionHeal Regen++++}
172533 | Zig:14   | Identified the +1 leather armour of Leapfrog {rElec Regen+
                  | Int+4}
172537 | Zig:14   | Got a whispering book
172548 | Zig:15   | Entered Level 15 of a ziggurat
172599 | Zig:15   | Got a quavering book
172615 | Zig:15   | Identified the amulet of Dorej {Rampage Regen+ Str-2 Dex+6
                  | Slay+5}
172660 | Zig:16   | Entered Level 16 of a ziggurat
172742 | Zig:16   | Succumbed to a tainted leviathan's dark miasma

Illustrated notes

Levels and vault maps discovered:
D:1:      sevenhm_arrival_forest_fort_small_3, layout_loops_corners,
          minmay_pentomino_v2
D:2:      layout_basic, shapermc_ecumenical_altar_ellora,
          uniq_crazy_yiuf_cottage
D:3:      layout_basic, nicolae_overflow_squiral, grunt_gozag_breadcrumbs,
          minmay_circle_x, uniq_terence
D:4:      layout_rooms, mainiacjoe_overflow_alcove_2,
          mainiacjoe_overflow_brackets
D:5:      kennysheep_spiral_hall, layout_rooms,
          yredelemnul_forgotten_temple_becter, nemelex_altar_shiori,
          portal_sewer_entry_f, serial_shops,
          nicolae_shop_temple_entry_statues_fountains,
          amcnicky_mini_corridor_feature, uniq_grinder, uniq_sigmund
D:6:      layout_loops_cross, fedhas_ov_isle_minmay, nicolae_uskayaw_en_pointe,
          minmay_temple_entry_antechambers, uniq_blork_the_orc
D:7:      layout_loops_cross, ebering_ghost_rock_garden, nicolae_stop_n_shop_1,
          kb_lookout_dungeons_type
D:8:      layout_gridville, nicolae_vehumet_altar_sigil, enter_bailey_2,
          serial_ice, serial_ice_i, serial_ice_m, serial_ice_b, serial_ice_g,
          serial_ice_c, serial_ice_d, uniq_erica
D:9:      wad_crossroads, layout_cave_pools, ebering_ghost_reflecting_pool,
          nicolae_water_bricks
D:10:     layout_basic, hellmonk_lair_entry_icy
D:11:     layout_roguey, minmay_orc_entry_temple_small, gammafunk_ghost_smash,
          xom_teletrap_fun, uniq_sonja
D:12:     layout_basic, serial_shops, nicolae_shop_tiny_glass, uniq_snorg,
          uniq_erolcha
D:13:     nrook_guardian_serpent_snake_passage, layout_cross,
          hangedman_vaults_entry_quadrant_bands, gauntlet_entry_generic
D:14:     layout_roguey, minmay_misc_feat_roman, gammafunk_ghost_hive,
          minmay_orc_keep
D:15:     hangedman_depths_entry_civil_slaughter, layout_irregular_city,
          minmay_misc_feat_plants, minmay_protected_statue
Temple:   hc_temple_tempest_star
Lair:1:   layout_roguey, grunt_megastairs_1, serial_bayou_shore_b,
          serial_bayou_shore_a
Lair:2:   layout_layer_cave
Lair:3:   layout_regular_city, swamp_mist, minmay_snake_entry_six_corridors,
          gammafunk_ghost_split, kennysheep_rathole
Lair:4:   layout_gridlike, minmay_slime_entry_jelly_boxes, grunt_megastairs_5
Lair:5:   evil_forest, layout_long_grid, amcnicky_altar_lugonu_corruption
Swamp:1:  layout_basic_swamp, infiniplex_staircase_pool
Swamp:2:  layout_falls_marsh, gammafunk_ghost_arena, hangedman_swamp_ruin_wall
Swamp:3:  layout_basic_swamp, gammafunk_ghost_grave, basic_altar, swamp_pool2
Swamp:4:  swamp_basic_johnstein, layout_basic_swamp, uniq_roxanne, uniq_louise
Snake:1:  layout_basic, ebering_ghost_reflecting_pool, minmay_shop_star
Snake:2:  layout_cave_town, serial_shops, shop, basic_altar, uniq_aizul,
          uniq_mlioglotl
Snake:3:  layout_concentric_octagons, basic_altar, nicolae_snake_horde_hoard,
          uniq_vashnia
Snake:4:  hellmonk_snake_rune_quicksilver_temple, layout_grid_shapes
Slime:1:  layout_caves
Slime:2:  layout_caves
Slime:3:  layout_caves, basic_altar, cheibrodos_slime_lost_civilization_5
Slime:4:  layout_caves
Slime:5:  slime_pit_nicolae_amoeboid
Orc:1:    layout_diamond_mine, serial_shops, nicolae_shop_trees,
          hangedman_feature_mirror, nicolae_orc_bridge_out,
          nicolae_shop_clearance
Orc:2:    grunt_orc_cross, layout_caves, serial_shops, nicolae_shop_mannequins
Elf:1:    eino_elf_arrival_the_gate, layout_geoelf_grid, minmay_elf_sorcery
Elf:2:    nicolae_elf_blades_crystal_corner, layout_rooms, serial_shops,
          nicolae_shop_real_fake_doors, drop_trap
Elf:3:    elf_hall, layout_geoelf_diagonals
Vaults:1: v_misc_27, v_misc_14, grunt_vaults_diagonal, nicolae_vaults_house_1,
          hangedman_vaults_impose, vaults_dpeg_cross, v_pattern_1,
          vaults_standard_mumra_enter_the_diamond, v_rooms_6,
          nicolae_vaults_shock_wave, hangedman_vaults_stagger,
          layout_vaults_omnibox, uniq_norris
Vaults:2: vaults_room_door_ring, nicolae_vaults_trapezoid_lopsided_3,
          ontoclasm_vaults_decontamination, nicolae_vaults_layer_cake_slice,
          ontoclasm_vaults_spin, nicolae_vaults_storing_the_good_stuff,
          nicolae_vaults_tetromino_Z_2, layout_vaults_chaotic_city
Vaults:3: nicolae_vaults_three_branches, minmay_crypt_entry_simple_statues,
          nicolae_vaults_hallways_thing, nicolae_vaults_circle_grid_b,
          grunt_tower_of_power, nicolae_vaults_heart-shaped_vault,
          v_alt_pattern_1, vaults_room_fours, nicolae_vaults_trapezoid_2,
          nicolae_vaults_double_plus_1, layout_vaults_omnigrid
Vaults:4: lightli_enter_wizlab_magi_temple, ontoclasm_vaults_claustrophobia,
          v_misc_33, vaults_room_large_hall, nicolae_vaults_shrinking_rooms_1,
          nicolae_vaults_cochlea, vaults_standard_mumra_enter_the_diamond,
          nicolae_vaults_steering_wheel, v_alt_pattern_2, nicolae_vaults_two_Ls,
          vaults_room_octagon, v_pattern_3,
          nicolae_vaults_offset_grid_hallway_1, layout_vaults_maze,
          serial_shops, nicolae_shop_rolling_square
Vaults:5: uniq_margery
Crypt:1:  layout_regular_city, minivault_4
Crypt:2:  layout_catacombs, lemuel_elevator, grunt_megastairs_4
Crypt:3:  church_of_pain_bobbens, layout_chaotic_city, weyrava_vampire_temple
Tomb:1
Tomb:2
Tomb:3
Depths:1: layout_roguey, enter_ziggurat_a, hell_entry, serial_shops,
          nicolae_shop_window_shopping, kennysheep_boxes,
          kennysheep_okawaru_gauntlet, uniq_enchantress, uniq_sojobo
Depths:2: gammafunk_jiyva_shrine, layout_gridville, serial_shops, shop,
          rand_demon_pan_entry_5, hell_entry, lemuel_blue_sif_altar,
          minmay_misc_feat_hallway, hex_subvault_rooms
Depths:3: minmay_connected_boxes_in_corner, layout_long_grid, hell_entry,
          abyss_entry_flame_altar, chequers_serial_rivers_small_3,
          infiniplex_staircase_zigzag_5
Depths:4: grunt_x_marks_the_spot, layout_cave_pools, minmay_room_of_horrors,
          hell_entry, grunt_ministairs_6, nicolae_shop_i_like_small_books_too
Hell
Dis:1:    layout_subdivisions
Dis:2:    layout_gridville
Dis:3:    layout_gridville
Dis:4:    layout_jigsaw, nicolae_dis_scattering
Dis:5:    layout_regular_city
Dis:6:    layout_gridville
Dis:7:    dis_grunt_layers
Geh:1:    layout_gehenna_pools_box, lemuel_hellish_altar
Geh:2:    nicolae_hells_titanomachy
Geh:3:    layout_gehenna_pools_basic
Geh:4:    layout_gehenna_pools_basic
Geh:5:    layout_gehenna_pools_basic, lemuel_old_faithful
Geh:6:    nicolae_geh_tyrants_menagerie, layout_gehenna_pools_box
Geh:7:    geh_hangedman
Coc:1:    layout_cocytus_delve
Coc:2:    layout_cocytus_delve
Coc:3:    layout_cocytus_water_paths
Coc:4:    layout_cocytus_water_paths
Coc:5:    layout_cocytus_water_paths
Coc:6:    layout_ice_bergs
Coc:7:    coc_dpeg
Tar:1:    layout_honeycomb
Tar:2:    layout_grid_maze
Tar:3:    nicolae_tar_ssshhh
Tar:4:    layout_grid_maze
Tar:5:    layout_honeycomb
Tar:6:    layout_grid_maze
Tar:7:    tar_minmay_river
Zig:16:   ziggurat_pillar_abc, ziggurat_pillar_abc, ziggurat_pillar_abc,
          ziggurat_pillar_abc

Skill      XL: |  1  2  3  4  5  6  7  8  9 10 11 12 13 14 15 16 17 18 19 20 21 22 23 24 25 26 27 |
---------------+----------------------------------------------------------------------------------+-----
Fighting       | 1 2 3 4 5 6 7 8 9 10 11 12 13 14 15 16 17 18 27 | 27.0
Stealth        | 3 4 5 6 7 9 10 11 | 11.2
Spellcasting   | 4 5 6 7 9 10 12 13 15 16 17 18 19 20 21 22 23 24 27 | 27.0
Dodging        | 3 4 5 6 7 8 9 10 11 12 13 14 15 27 | 27.0
Conjurations   | 5 6 7 8 9 11 12 13 14 15 16 17 18 19 21 22 23 27 | 27.0
Translocations | 1 2 3 4 5 6 7 |  7.0
Fire Magic     | 1 4 5 7 8 9 10 11 12 13 17 20 21 22 24 27 | 27.0
Earth Magic    | 1 4 5 7 8 9 25 | 25.6
Armour         | 2 3 4 5 6 7 8 9 10 27 | 27.0
Summonings     | 3 6 8 10 11 12 13 27 | 27.0
Shields        | 1 6 9 13 14 26 | 26.7
Shapeshifting  | 27 | 27.0

Action                     |  1- 3 |  4- 6 |  7- 9 | 10-12 | 13-15 | 16-18 | 19-21 | 22-24 | 25-27 || total
---------------------------+-------+-------+-------+-------+-------+-------+-------+-------+-------++-------
  Melee: Unarmed           |       |       |     8 |       |       |       |       |       |       ||     8
         Battleaxe         |       |       |       |     1 |       |       |       |       |       ||     1
         Staff             |       |       |       |       |       |     2 |       |       |    12 ||    14
   Cast: Magic Dart        |    62 |    85 |   160 |   257 |    20 |     9 |    15 |     2 |    23 ||   633
         Searing Ray       |     2 |     8 |    39 |    99 |    18 |     9 |     1 |       |     1 ||   177
         Iskenderun's Myst |       |       |    25 |   153 |   138 |   140 |    51 |   129 |   187 ||   823
         Fireball          |       |       |       |    18 |   415 |   483 |   389 |   251 |    53 ||  1609
         Spellforged Servi |       |       |       |       |     1 |   157 |   218 |    95 |   590 ||  1061
         Orb of Destructio |       |       |       |       |       |    10 |    60 |    42 |   191 ||   303
         Passage of Golubr |       |       |       |       |       |     7 |       |       |    12 ||    19
         Lehudib's Crystal |       |       |       |       |       |     1 |   101 |    58 |   809 ||   969
         Iskenderun's Batt |       |       |       |       |       |       |    59 |    50 |       ||   109
         Fire Storm        |       |       |       |       |       |       |       |   213 |  3137 ||  3350
         Dragon's Call     |       |       |       |       |       |       |       |       |   540 ||   540
         Shatter           |       |       |       |       |       |       |       |       |    94 ||    94
         Ignition          |       |       |       |       |       |       |       |       |    22 ||    22
  Evoke: Wand              |       |       |       |       |       |       |       |       |    13 ||    13
    Use: Scroll            |       |     6 |     9 |     5 |     7 |     8 |     1 |     2 |    45 ||    83
         Potion            |       |       |    13 |       |     5 |     1 |       |     2 |    45 ||    66
 Armour: Robe              |       |       |    38 |    41 |    35 |    26 |       |    22 |    66 ||   228
         Skin              |       |       |    42 |       |       |       |       |       |    94 ||   136
         Ring mail         |       |       |       |       |       |     3 |    32 |    49 |    72 ||   156
         Fire dragon scale |       |       |       |       |       |       |       |       |   549 ||   549
         Ice dragon scales |       |       |       |       |       |       |       |       |    53 ||    53
  Dodge: Dodged            |     3 |     6 |    85 |    97 |    67 |    97 |    72 |    81 |   453 ||   961
  Block: Buckler           |       |       |       |       |       |       |    25 |    36 |   151 ||   212
         Tower shield      |       |       |       |       |       |       |       |       |   290 ||   290
         Kite shield       |       |       |       |       |       |       |       |       |   193 ||   193
         Form:             |       |       |       |       |       |       |       |       |     7 ||     7
         Death             |       |       |       |       |       |       |       |       |     7 ||     7

Table legend: (Time is in decaauts)
 A = Elapsed time spent in this place.
 B = Non-inter-level travel time spent in this place.
 C = Inter-level travel time spent in this place.
 D = Time resting spent in this place.
 E = Time spent auto-exploring this place.
 F = Levels seen in this place.
 G = Mean time per level.
                   A        B        C        D        E       F      G
               +--------+--------+--------+--------+--------+-----+--------+
         Total | 173066 | 153832 |  19234 |  46031 |  67583 | 172 | 1006.2 |
       Dungeon |  24679 |  18568 |   6111 |   6361 |   9140 |  15 | 1645.3 |
        Temple |      3 |      2 |      1 |      0 |      0 |   1 |    3.0 |
          Lair |  13242 |   9574 |   3668 |   3674 |   3892 |   5 | 2648.4 |
         Swamp |   3343 |   2926 |    417 |    698 |   1582 |   4 |  835.8 |
     Snake Pit |   5049 |   4314 |    735 |    825 |   2579 |   4 | 1262.2 |
    Slime Pits |   3614 |   3147 |    467 |    456 |   2033 |   5 |  722.8 |
  Orcish Mines |   2524 |   2030 |    494 |    325 |   1374 |   2 | 1262.0 |
   Elven Halls |   3585 |   3155 |    430 |    517 |   1397 |   3 | 1195.0 |
        Vaults |   9861 |   8216 |   1645 |   1612 |   4157 |   5 | 1972.2 |
         Crypt |   4000 |   3443 |    557 |    799 |   2141 |   3 | 1333.3 |
          Tomb |   4308 |   3118 |   1190 |    887 |   1011 |   3 | 1436.0 |
        Depths |   6548 |   5121 |   1427 |   1331 |   2631 |   4 | 1637.0 |
          Hell |   5623 |   5196 |    427 |   4254 |    320 |   1 | 5623.0 |
           Dis |   4138 |   3885 |    253 |   1266 |   1600 |   7 |  591.1 |
       Gehenna |   5629 |   4873 |    756 |   1840 |   1635 |   7 |  804.1 |
       Cocytus |   3441 |   3188 |    253 |   1157 |    986 |   7 |  491.6 |
      Tartarus |   5334 |   4936 |    398 |   1489 |   2372 |   7 |  762.0 |
         Abyss |  12852 |  12852 |      0 |   5008 |   1799 |  27 |  476.0 |
   Pandemonium |  50617 |  50617 |      0 |  11787 |  26014 |  43 | 1177.1 |
      Ziggurat |   1770 |   1770 |      0 |    838 |    227 |  16 |  110.6 |
        Bailey |   1207 |   1207 |      0 |    528 |     90 |   1 | 1207.0 |
        Wizlab |    823 |    823 |      0 |    262 |    278 |   1 |  823.0 |
      Gauntlet |    864 |    864 |      0 |    113 |    325 |   1 |  864.0 |
               +--------+--------+--------+--------+--------+-----+--------+

Top non-repeatable levels by time:
 Abyss:3: 6616 daAuts
    Hell: 5623 daAuts
  Lair:5: 4005 daAuts
 Abyss:2: 3791 daAuts
  Lair:1: 3079 daAuts
   Tar:7: 2712 daAuts
  Lair:3: 2707 daAuts
     D:2: 2608 daAuts
  Tomb:1: 2568 daAuts
    D:10: 2516 daAuts
 Abyss:1: 2444 daAuts
Vaults:5: 2420 daAuts
   Geh:7: 2399 daAuts
Depths:2: 2267 daAuts
Vaults:1: 2213 daAuts
